Workbook
Name Average: 'Data for Rough Cost'!$D$111:$D$122
Name Average1: 'Data for Rough Cost'!$DK$2:$DK$5
Name Average10: 'Data for Rough Cost'!$DT$2:$DT$5
Name Average11: 'Data for Rough Cost'!$DU$2:$DU$3
Name Average12: 'Data for Rough Cost'!$DV$2:$DV$3
Name Average2: 'Data for Rough Cost'!$DL$2:$DL$5
Name Average3: 'Data for Rough Cost'!$DM$2:$DM$5
Name Average4: 'Data for Rough Cost'!$DN$2:$DN$5
Name Average5: 'Data for Rough Cost'!$DO$2:$DO$5
Name Average6: 'Data for Rough Cost'!$DP$2:$DP$5
Name Average7: 'Data for Rough Cost'!$DQ$2:$DQ$5
Name Average8: 'Data for Rough Cost'!$DR$2:$DR$5
Name Average9: 'Data for Rough Cost'!$DS$2:$DS$5
Name Categories: 'Data for Rough Cost'!$A$2:$A$3
Name Commercial: 'Data for Rough Cost'!$B$2
Name Custom: 'Data for Rough Cost'!$D$123:$D$132
Name Custom1: 'Data for Rough Cost'!$DW$2:$DW$5
Name Custom10: 'Data for Rough Cost'!$EF$2:$EF$5
Name Custom2: 'Data for Rough Cost'!$DX$2:$DX$5
Name Custom3: 'Data for Rough Cost'!$DY$2:$DY$5
Name Custom4: 'Data for Rough Cost'!$DZ$2:$DZ$5
Name Custom5: 'Data for Rough Cost'!$EA$2:$EA$5
Name Custom6: 'Data for Rough Cost'!$EB$2:$EB$5
Name Custom7: 'Data for Rough Cost'!$EC$2:$EC$5
Name Custom8: 'Data for Rough Cost'!$ED$2:$ED$5
Name Custom9: 'Data for Rough Cost'!$EE$2:$EE$5
Name Default: 'Data for Rough Cost'!$D$2:$D$102
Name Default1: 'Data for Rough Cost'!$F$2:$F$7
Name Default10: 'Data for Rough Cost'!$O$2:$O$7
Name Default100: 'Data for Rough Cost'!$DA$2:$DA$7
Name Default101: 'Data for Rough Cost'!$DB$2:$DB$7
Name Default11: 'Data for Rough Cost'!$P$2:$P$7
Name Default12: 'Data for Rough Cost'!$Q$2:$Q$7
Name Default13: 'Data for Rough Cost'!$R$2:$R$7
Name Default14: 'Data for Rough Cost'!$S$2:$S$7
Name Default15: 'Data for Rough Cost'!$T$2:$T$7
Name Default16: 'Data for Rough Cost'!$U$2:$U$7
Name Default17: 'Data for Rough Cost'!$V$2:$V$7
Name Default18: 'Data for Rough Cost'!$W$2:$W$7
Name Default19: 'Data for Rough Cost'!$X$2:$X$7
Name Default2: 'Data for Rough Cost'!$G$2:$G$7
Name Default20: 'Data for Rough Cost'!$Y$2:$Y$7
Name Default21: 'Data for Rough Cost'!$Z$2:$Z$7
Name Default22: 'Data for Rough Cost'!$AA$2:$AA$7
Name Default23: 'Data for Rough Cost'!$AB$2:$AB$7
Name Default24: 'Data for Rough Cost'!$AC$2:$AC$7
Name Default25: 'Data for Rough Cost'!$AD$2:$AD$7
Name Default26: 'Data for Rough Cost'!$AE$2:$AE$7
Name Default27: 'Data for Rough Cost'!$AF$2:$AF$7
Name Default28: 'Data for Rough Cost'!$AG$2:$AG$7
Name Default29: 'Data for Rough Cost'!$AH$2:$AH$7
Name Default3: 'Data for Rough Cost'!$H$2:$H$7
Name Default30: 'Data for Rough Cost'!$AI$2:$AI$7
Name Default31: 'Data for Rough Cost'!$AJ$2:$AJ$7
Name Default32: 'Data for Rough Cost'!$AK$2:$AK$7
Name Default33: 'Data for Rough Cost'!$AL$2:$AL$7
Name Default34: 'Data for Rough Cost'!$AM$2:$AM$7
Name Default35: 'Data for Rough Cost'!$AN$2:$AN$7
Name Default36: 'Data for Rough Cost'!$AO$2:$AO$7
Name Default37: 'Data for Rough Cost'!$AP$2:$AP$7

Sheet BASE BID
A1: ITEM # | B1: REF. SHEET | C1: DETAIL | D1: CSI SECT | E1: Sub Contractor | F1: DESCRIPTION | G1: QTY. | H1: WASTAGE | I1: QTY WITH WASTAGE | J1: UNIT | K1: UNIT LABOR HOURS | L1: TOTAL LABOR HOURS | M1: PER HOUR LABOR RATE | N1: TOTAL LABOR COST | O1: UNIT MATERIAL COST | P1: TOTAL MATERIAL COST | Q1: ITEM COST | R1: TRADE COST | S1: UNIT ITEM COST WITH MARKUPS | T1: TOTAL ITEM COST WITH MARKUPS
A2: Estimate of Materials Quantities and Cost of Construction
B3: CLICK HERE TO GO BACK TO COST SUMMARY
D4: Sub-Total | E4: =Q680 -> 12322746 | J4: Date:
C5: Material Sales Tax | D5: 0.06678 | E5: =P680*D5 -> 372864.51 | F5: (Adjust the percentage for Material tax as required) | J5: Project:
C6: Overhead & Profit / Inflation (Material) | D6: 0.25 | E6: =P680*D6 -> 1395868.9 | F6: (Adjust the percentage for Overhead & Profit as required) | J6: Project Location:
C7: Overhead & Profit (Labor) | D7: 0.25 | E7: =N680*D7 -> 1684817.4 | F7: (Adjust the percentage for Overhead & Profit as required) | J7: Project and Wage Type:
C8: Bond Fee | D8: 0.015 | E8: =(E4+E5+E6+E7)*D8 -> 236644.45 | F8: (Adjust the percentage for Bond Fee as required)
D9: Total Bid | E9: =E4+E5+E6+E7+E8 -> 16012941 | J9: Gross Internal Area of Structure (SF)
J10: Covered Area of Structure (SF) | K10: 139283
C11: Material Wastage 1 | D11: 0 | E11: ( for Quantities in Each & LS) | J11: No. of Units | K11: 1
C12: Material Wastage 2 | D12: 0.05 | E12: ( for Quantities in LF, SF, SY, CY, LBS, TONS) | J12: No. of Floors and Overall Height
B13: (Changing the wastage percentage here will update the wastage for whole tab) | J13: Hardscaping Area (SF) | K13: 815750
J14: Soft scaping Area (SF) | K14: 0
B15: To change hourly rates for any trade please go to "Hourly Rates" Tab
A17: ITEM # | B17: REF. SHEET | C17: DETAIL | D17: CSI SECT | E17: Sub Contractor | F17: DESCRIPTION | G17: QTY. | H17: WASTAGE | I17: QTY WITH WASTAGE | J17: UNIT | K17: UNIT LABOR HOURS | L17: TOTAL LABOR HOURS | M17: PER HOUR LABOR RATE | N17: TOTAL LABOR COST | O17: UNIT MATERIAL COST | P17: TOTAL MATERIAL COST | Q17: ITEM COST | R17: TRADE COST | S17: UNIT COST WITH MARKUPS | T17: TOTAL COST WITH MARKUPS
D18: DIV-01 | F18: General | R18: =SUM(Q19:Q65) -> 2029344.1 | U18: =SUM(Q67:Q678) -> 10293401
F20: Plan Design And Permitting
A21: =IF(J21<>"",1+MAX($A$17:A20),"") -> 1 | D21: DIV-01 | E21: General Requirements | F21: Architecture (Assumed By Owner) | G21: 1 | H21: =IF(VLOOKUP(J21,'HOURLY RATES'!B$116:C$124,2,0)=0,$J$3,VLOOKUP(J21,'HOURLY RATES'!B$116:C$124,2,0)) -> 0 | I21: =(G21*(1+H21)) -> 1 | J21: LS | L21: =K21*I21 -> 0 | M21: =IF(VLOOKUP(E21,'HOURLY RATES'!C$6:D$105,2,0)=0,$E$3,VLOOKUP(E21,'HOURLY RATES'!C$6:D$105,2,0)) -> 79.332 | N21: =M21*L21 -> 0 | Q21: =P21+N21 -> 0 | S21: =((((N21*(1+$D$7))+(P21*(1+$D$5+$D$6)))*(1+$D$8)))/I21 -> 0 | T21: =S21*I21 -> 0
A22: =IF(J22<>"",1+MAX($A$17:A21),"") -> 2 | D22: DIV-01 | E22: General Requirements | F22: Engineering (Assumed By Owner) | G22: 1 | H22: =IF(VLOOKUP(J22,'HOURLY RATES'!B$116:C$124,2,0)=0,$J$3,VLOOKUP(J22,'HOURLY RATES'!B$116:C$124,2,0)) -> 0 | I22: =(G22*(1+H22)) -> 1 | J22: LS | L22: =K22*I22 -> 0 | M22: =IF(VLOOKUP(E22,'HOURLY RATES'!C$6:D$105,2,0)=0,$E$3,VLOOKUP(E22,'HOURLY RATES'!C$6:D$105,2,0)) -> 79.332 | N22: =M22*L22 -> 0 | Q22: =P22+N22 -> 0 | S22: =((((N22*(1+$D$7))+(P22*(1+$D$5+$D$6)))*(1+$D$8)))/I22 -> 0 | T22: =S22*I22 -> 0
A23: =IF(J23<>"",1+MAX($A$17:A22),"") -> 3 | D23: DIV-01 | E23: General Requirements | F23: Surveying | G23: 1 | H23: =IF(VLOOKUP(J23,'HOURLY RATES'!B$116:C$124,2,0)=0,$J$3,VLOOKUP(J23,'HOURLY RATES'!B$116:C$124,2,0)) -> 0 | I23: =(G23*(1+H23)) -> 1 | J23: LS | L23: =K23*I23 -> 0 | M23: =IF(VLOOKUP(E23,'HOURLY RATES'!C$6:D$105,2,0)=0,$E$3,VLOOKUP(E23,'HOURLY RATES'!C$6:D$105,2,0)) -> 79.332 | N23: =M23*L23 -> 0 | Q23: =P23+N23 -> 0 | S23: =((((N23*(1+$D$7))+(P23*(1+$D$5+$D$6)))*(1+$D$8)))/I23 -> 0 | T23: =S23*I23 -> 0
A24: =IF(J24<>"",1+MAX($A$17:A23),"") -> 4 | D24: DIV-01 | E24: General Requirements | F24: Soils Report (Assumed By Owner) | G24: 1 | H24: =IF(VLOOKUP(J24,'HOURLY RATES'!B$116:C$124,2,0)=0,$J$3,VLOOKUP(J24,'HOURLY RATES'!B$116:C$124,2,0)) -> 0 | I24: =(G24*(1+H24)) -> 1 | J24: LS | L24: =K24*I24 -> 0 | M24: =IF(VLOOKUP(E24,'HOURLY RATES'!C$6:D$105,2,0)=0,$E$3,VLOOKUP(E24,'HOURLY RATES'!C$6:D$105,2,0)) -> 79.332 | N24: =M24*L24 -> 0 | Q24: =P24+N24 -> 0 | S24: =((((N24*(1+$D$7))+(P24*(1+$D$5+$D$6)))*(1+$D$8)))/I24 -> 0 | T24: =S24*I24 -> 0
A25: =IF(J25<>"",1+MAX($A$17:A24),"") -> 5 | D25: DIV-01 | E25: General Requirements | F25: Geological Report (Assumed By Owner) | G25: 1 | H25: =IF(VLOOKUP(J25,'HOURLY RATES'!B$116:C$124,2,0)=0,$J$3,VLOOKUP(J25,'HOURLY RATES'!B$116:C$124,2,0)) -> 0 | I25: =(G25*(1+H25)) -> 1 | J25: LS | L25: =K25*I25 -> 0 | M25: =IF(VLOOKUP(E25,'HOURLY RATES'!C$6:D$105,2,0)=0,$E$3,VLOOKUP(E25,'HOURLY RATES'!C$6:D$105,2,0)) -> 79.332 | N25: =M25*L25 -> 0 | Q25: =P25+N25 -> 0 | S25: =((((N25*(1+$D$7))+(P25*(1+$D$5+$D$6)))*(1+$D$8)))/I25 -> 0 | T25: =S25*I25 -> 0
A26: =IF(J26<>"",1+MAX($A$17:A25),"") -> 6 | D26: DIV-01 | E26: General Requirements | F26: Concrete Testing | G26: 1 | H26: =IF(VLOOKUP(J26,'HOURLY RATES'!B$116:C$124,2,0)=0,$J$3,VLOOKUP(J26,'HOURLY RATES'!B$116:C$124,2,0)) -> 0 | I26: =(G26*(1+H26)) -> 1 | J26: LS | L26: =K26*I26 -> 0 | M26: =IF(VLOOKUP(E26,'HOURLY RATES'!C$6:D$105,2,0)=0,$E$3,VLOOKUP(E26,'HOURLY RATES'!C$6:D$105,2,0)) -> 79.332 | N26: =M26*L26 -> 0 | Q26: =P26+N26 -> 0 | S26: =((((N26*(1+$D$7))+(P26*(1+$D$5+$D$6)))*(1+$D$8)))/I26 -> 0 | T26: =S26*I26 -> 0
A27: =IF(J27<>"",1+MAX($A$17:A26),"") -> 7 | D27: DIV-01 | E27: General Requirements | F27: Permit Fee | G27: 1 | H27: =IF(VLOOKUP(J27,'HOURLY RATES'!B$116:C$124,2,0)=0,$J$3,VLOOKUP(J27,'HOURLY RATES'!B$116:C$124,2,0)) -> 0 | I27: =(G27*(1+H27)) -> 1 | J27: LS | K27: =1.5%*($U$18)/M27 -> 1946.2641 | L27: =K27*I27 -> 1946.2641 | M27: =IF(VLOOKUP(E27,'HOURLY RATES'!C$6:D$105,2,0)=0,$E$3,VLOOKUP(E27,'HOURLY RATES'!C$6:D$105,2,0)) -> 79.332 | N27: =M27*L27 -> 154401.02 | Q27: =P27+N27 -> 154401.02 | S27: =((((N27*(1+$D$7))+(P27*(1+$D$5+$D$6)))*(1+$D$8)))/I27 -> 195896.3 | T27: =S27*I27 -> 195896.3
A28: =IF(J28<>"",1+MAX($A$17:A27),"") -> 8 | D28: DIV-01 | E28: General Requirements | F28: Permits (Based On Interior Finish Area) | G28: 1 | H28: =IF(VLOOKUP(J28,'HOURLY RATES'!B$116:C$124,2,0)=0,$J$3,VLOOKUP(J28,'HOURLY RATES'!B$116:C$124,2,0)) -> 0 | I28: =(G28*(1+H28)) -> 1 | J28: LS | L28: =K28*I28 -> 0 | M28: =IF(VLOOKUP(E28,'HOURLY RATES'!C$6:D$105,2,0)=0,$E$3,VLOOKUP(E28,'HOURLY RATES'!C$6:D$105,2,0)) -> 79.332 | N28: =M28*L28 -> 0 | Q28: =P28+N28 -> 0 | S28: =((((N28*(1+$D$7))+(P28*(1+$D$5+$D$6)))*(1+$D$8)))/I28 -> 0 | T28: =S28*I28 -> 0
A29: =IF(J29<>"",1+MAX($A$17:A28),"") -> 9 | D29: DIV-01 | E29: General Requirements | F29: Plan Coordination | G29: 1 | H29: =IF(VLOOKUP(J29,'HOURLY RATES'!B$116:C$124,2,0)=0,$J$3,VLOOKUP(J29,'HOURLY RATES'!B$116:C$124,2,0)) -> 0 | I29: =(G29*(1+H29)) -> 1 | J29: LS | L29: =K29*I29 -> 0 | M29: =IF(VLOOKUP(E29,'HOURLY RATES'!C$6:D$105,2,0)=0,$E$3,VLOOKUP(E29,'HOURLY RATES'!C$6:D$105,2,0)) -> 79.332 | N29: =M29*L29 -> 0 | Q29: =P29+N29 -> 0 | S29: =((((N29*(1+$D$7))+(P29*(1+$D$5+$D$6)))*(1+$D$8)))/I29 -> 0 | T29: =S29*I29 -> 0
A30: =IF(J30<>"",1+MAX($A$17:A29),"") -> 10 | D30: DIV-01 | E30: General Requirements | F30: Roof Inspection | G30: 1 | H30: =IF(VLOOKUP(J30,'HOURLY RATES'!B$116:C$124,2,0)=0,$J$3,VLOOKUP(J30,'HOURLY RATES'!B$116:C$124,2,0)) -> 0 | I30: =(G30*(1+H30)) -> 1 | J30: LS | L30: =K30*I30 -> 0 | M30: =IF(VLOOKUP(E30,'HOURLY RATES'!C$6:D$105,2,0)=0,$E$3,VLOOKUP(E30,'HOURLY RATES'!C$6:D$105,2,0)) -> 79.332 | N30: =M30*L30 -> 0 | Q30: =P30+N30 -> 0 | S30: =((((N30*(1+$D$7))+(P30*(1+$D$5+$D$6)))*(1+$D$8)))/I30 -> 0 | T30: =S30*I30 -> 0
A31: =IF(J31<>"",1+MAX($A$17:A30),"") -> 11 | D31: DIV-01 | E31: General Requirements | F31: Blueprints (?? Pages) | G31: 1 | H31: =IF(VLOOKUP(J31,'HOURLY RATES'!B$116:C$124,2,0)=0,$J$3,VLOOKUP(J31,'HOURLY RATES'!B$116:C$124,2,0)) -> 0 | I31: =(G31*(1+H31)) -> 1 | J31: LS | L31: =K31*I31 -> 0 | M31: =IF(VLOOKUP(E31,'HOURLY RATES'!C$6:D$105,2,0)=0,$E$3,VLOOKUP(E31,'HOURLY RATES'!C$6:D$105,2,0)) -> 79.332 | N31: =M31*L31 -> 0 | Q31: =P31+N31 -> 0 | S31: =((((N31*(1+$D$7))+(P31*(1+$D$5+$D$6)))*(1+$D$8)))/I31 -> 0 | T31: =S31*I31 -> 0
A32: =IF(J32<>"",1+MAX($A$17:A31),"")
A33: =IF(J33<>"",1+MAX($A$17:A32),"") | F33: Utilities
A34: =IF(J34<>"",1+MAX($A$17:A33),"") -> 12 | D34: DIV-01 | E34: General Requirements | F34: Utilities During Construction (Based On Interior Finish Area) | G34: 1 | H34: =IF(VLOOKUP(J34,'HOURLY RATES'!B$116:C$124,2,0)=0,$J$3,VLOOKUP(J34,'HOURLY RATES'!B$116:C$124,2,0)) -> 0 | I34: =(G34*(1+H34)) -> 1 | J34: LS | K34: =1.388%*(U18)/M34 -> 1800.943 | L34: =K34*I34 -> 1800.943 | M34: =IF(VLOOKUP(E34,'HOURLY RATES'!C$6:D$105,2,0)=0,$E$3,VLOOKUP(E34,'HOURLY RATES'!C$6:D$105,2,0)) -> 79.332 | N34: =M34*L34 -> 142872.41 | Q34: =P34+N34 -> 142872.41 | S34: =((((N34*(1+$D$7))+(P34*(1+$D$5+$D$6)))*(1+$D$8)))/I34 -> 181269.37 | T34: =S34*I34 -> 181269.37
A35: =IF(J35<>"",1+MAX($A$17:A34),"") -> 13 | D35: DIV-01 | E35: General Requirements | F35: Port-O-Potty (Based On Interior Finish Area) | G35: 1 | H35: =IF(VLOOKUP(J35,'HOURLY RATES'!B$116:C$124,2,0)=0,$J$3,VLOOKUP(J35,'HOURLY RATES'!B$116:C$124,2,0)) -> 0 | I35: =(G35*(1+H35)) -> 1 | J35: LS | K35: =1.257%*(U18)/M35 -> 1630.9693 | L35: =K35*I35 -> 1630.9693 | M35: =IF(VLOOKUP(E35,'HOURLY RATES'!C$6:D$105,2,0)=0,$E$3,VLOOKUP(E35,'HOURLY RATES'!C$6:D$105,2,0)) -> 79.332 | N35: =M35*L35 -> 129388.06 | Q35: =P35+N35 -> 129388.06 | S35: =((((N35*(1+$D$7))+(P35*(1+$D$5+$D$6)))*(1+$D$8)))/I35 -> 164161.1 | T35: =S35*I35 -> 164161.1
A36: =IF(J36<>"",1+MAX($A$17:A35),"") -> 14 | D36: DIV-01 | E36: General Requirements | F36: Temporary Power (Based On Interior Finish Area) | G36: 1 | H36: =IF(VLOOKUP(J36,'HOURLY RATES'!B$116:C$124,2,0)=0,$J$3,VLOOKUP(J36,'HOURLY RATES'!B$116:C$124,2,0)) -> 0 | I36: =(G36*(1+H36)) -> 1 | J36: LS | K36: =0.65%*(U18)/M36 -> 843.3811 | L36: =K36*I36 -> 843.3811 | M36: =IF(VLOOKUP(E36,'HOURLY RATES'!C$6:D$105,2,0)=0,$E$3,VLOOKUP(E36,'HOURLY RATES'!C$6:D$105,2,0)) -> 79.332 | N36: =M36*L36 -> 66907.109 | Q36: =P36+N36 -> 66907.109 | S36: =((((N36*(1+$D$7))+(P36*(1+$D$5+$D$6)))*(1+$D$8)))/I36 -> 84888.395 | T36: =S36*I36 -> 84888.395
A37: =IF(J37<>"",1+MAX($A$17:A36),"")
A38: =IF(J38<>"",1+MAX($A$17:A37),"") | F38: Equipment And Tools
A39: =IF(J39<>"",1+MAX($A$17:A38),"") -> 15 | D39: DIV-01 | E39: General Requirements | F39: Tool Rentals | G39: 1 | H39: =IF(VLOOKUP(J39,'HOURLY RATES'!B$116:C$124,2,0)=0,$J$3,VLOOKUP(J39,'HOURLY RATES'!B$116:C$124,2,0)) -> 0 | I39: =(G39*(1+H39)) -> 1 | J39: LS | K39: =2%*($U$18)/M39 -> 2595.0188 | L39: =K39*I39 -> 2595.0188 | M39: =IF(VLOOKUP(E39,'HOURLY RATES'!C$6:D$105,2,0)=0,$E$3,VLOOKUP(E39,'HOURLY RATES'!C$6:D$105,2,0)) -> 79.332 | N39: =M39*L39 -> 205868.03 | Q39: =P39+N39 -> 205868.03 | S39: =((((N39*(1+$D$7))+(P39*(1+$D$5+$D$6)))*(1+$D$8)))/I39 -> 261195.06 | T39: =S39*I39 -> 261195.06
A40: =IF(J40<>"",1+MAX($A$17:A39),"") -> 16 | D40: DIV-01 | E40: General Requirements | F40: Tool Shed | G40: 1 | H40: =IF(VLOOKUP(J40,'HOURLY RATES'!B$116:C$124,2,0)=0,$J$3,VLOOKUP(J40,'HOURLY RATES'!B$116:C$124,2,0)) -> 0 | I40: =(G40*(1+H40)) -> 1 | J40: LS | L40: =K40*I40 -> 0 | M40: =IF(VLOOKUP(E40,'HOURLY RATES'!C$6:D$105,2,0)=0,$E$3,VLOOKUP(E40,'HOURLY RATES'!C$6:D$105,2,0)) -> 79.332 | N40: =M40*L40 -> 0 | Q40: =P40+N40 -> 0 | S40: =((((N40*(1+$D$7))+(P40*(1+$D$5+$D$6)))*(1+$D$8)))/I40 -> 0 | T40: =S40*I40 -> 0
A41: =IF(J41<>"",1+MAX($A$17:A40),"") -> 17 | D41: DIV-01 | E41: General Requirements | F41: Dust Control | G41: 1 | H41: =IF(VLOOKUP(J41,'HOURLY RATES'!B$116:C$124,2,0)=0,$J$3,VLOOKUP(J41,'HOURLY RATES'!B$116:C$124,2,0)) -> 0 | I41: =(G41*(1+H41)) -> 1 | J41: LS | L41: =K41*I41 -> 0 | M41: =IF(VLOOKUP(E41,'HOURLY RATES'!C$6:D$105,2,0)=0,$E$3,VLOOKUP(E41,'HOURLY RATES'!C$6:D$105,2,0)) -> 79.332 | N41: =M41*L41 -> 0 | Q41: =P41+N41 -> 0 | S41: =((((N41*(1+$D$7))+(P41*(1+$D$5+$D$6)))*(1+$D$8)))/I41 -> 0 | T41: =S41*I41 -> 0
A42: =IF(J42<>"",1+MAX($A$17:A41),"") -> 18 | D42: DIV-01 | E42: General Requirements | F42: Ice, Water, Beverages | G42: 1 | H42: =IF(VLOOKUP(J42,'HOURLY RATES'!B$116:C$124,2,0)=0,$J$3,VLOOKUP(J42,'HOURLY RATES'!B$116:C$124,2,0)) -> 0 | I42: =(G42*(1+H42)) -> 1 | J42: LS | L42: =K42*I42 -> 0 | M42: =IF(VLOOKUP(E42,'HOURLY RATES'!C$6:D$105,2,0)=0,$E$3,VLOOKUP(E42,'HOURLY RATES'!C$6:D$105,2,0)) -> 79.332 | N42: =M42*L42 -> 0 | Q42: =P42+N42 -> 0 | S42: =((((N42*(1+$D$7))+(P42*(1+$D$5+$D$6)))*(1+$D$8)))/I42 -> 0 | T42: =S42*I42 -> 0
A43: =IF(J43<>"",1+MAX($A$17:A42),"") -> 19 | D43: DIV-01 | E43: General Requirements | F43: Garbage Dumpster / Trash Containers | G43: 1 | H43: =IF(VLOOKUP(J43,'HOURLY RATES'!B$116:C$124,2,0)=0,$J$3,VLOOKUP(J43,'HOURLY RATES'!B$116:C$124,2,0)) -> 0 | I43: =(G43*(1+H43)) -> 1 | J43: LS | K43: =0.4%*($U$18)/M43 -> 519.00375 | L43: =K43*I43 -> 519.00375 | M43: =IF(VLOOKUP(E43,'HOURLY RATES'!C$6:D$105,2,0)=0,$E$3,VLOOKUP(E43,'HOURLY RATES'!C$6:D$105,2,0)) -> 79.332 | N43: =M43*L43 -> 41173.606 | Q43: =P43+N43 -> 41173.606 | S43: =((((N43*(1+$D$7))+(P43*(1+$D$5+$D$6)))*(1+$D$8)))/I43 -> 52239.012 | T43: =S43*I43 -> 52239.012
A44: =IF(J44<>"",1+MAX($A$17:A43),"") -> 20 | D44: DIV-01 | E44: General Requirements | F44: Mobilization/Demobilization (Temporary Control & Facilities) | G44: 1 | H44: =IF(VLOOKUP(J44,'HOURLY RATES'!B$116:C$124,2,0)=0,$J$3,VLOOKUP(J44,'HOURLY RATES'!B$116:C$124,2,0)) -> 0 | I44: =(G44*(1+H44)) -> 1 | J44: LS | K44: =4.4%*($U$18)/M44 -> 5709.0413 | L44: =K44*I44 -> 5709.0413 | M44: =IF(VLOOKUP(E44,'HOURLY RATES'!C$6:D$105,2,0)=0,$E$3,VLOOKUP(E44,'HOURLY RATES'!C$6:D$105,2,0)) -> 79.332 | N44: =M44*L44 -> 452909.66 | Q44: =P44+N44 -> 452909.66 | S44: =((((N44*(1+$D$7))+(P44*(1+$D$5+$D$6)))*(1+$D$8)))/I44 -> 574629.13 | T44: =S44*I44 -> 574629.13
A45: =IF(J45<>"",1+MAX($A$17:A44),"")
A46: =IF(J46<>"",1+MAX($A$17:A45),"") | F46: Signage And Promotion
A47: =IF(J47<>"",1+MAX($A$17:A46),"") -> 21 | D47: DIV-01 | E47: General Requirements | F47: Job Signs | G47: 1 | H47: =IF(VLOOKUP(J47,'HOURLY RATES'!B$116:C$124,2,0)=0,$J$3,VLOOKUP(J47,'HOURLY RATES'!B$116:C$124,2,0)) -> 0 | I47: =(G47*(1+H47)) -> 1 | J47: LS | L47: =K47*I47 -> 0 | M47: =IF(VLOOKUP(E47,'HOURLY RATES'!C$6:D$105,2,0)=0,$E$3,VLOOKUP(E47,'HOURLY RATES'!C$6:D$105,2,0)) -> 79.332 | N47: =M47*L47 -> 0 | Q47: =P47+N47 -> 0 | S47: =((((N47*(1+$D$7))+(P47*(1+$D$5+$D$6)))*(1+$D$8)))/I47 -> 0 | T47: =S47*I47 -> 0
A48: =IF(J48<>"",1+MAX($A$17:A47),"") -> 22 | D48: DIV-01 | E48: General Requirements | F48: Job Photos | G48: 1 | H48: =IF(VLOOKUP(J48,'HOURLY RATES'!B$116:C$124,2,0)=0,$J$3,VLOOKUP(J48,'HOURLY RATES'!B$116:C$124,2,0)) -> 0 | I48: =(G48*(1+H48)) -> 1 | J48: LS | L48: =K48*I48 -> 0 | M48: =IF(VLOOKUP(E48,'HOURLY RATES'!C$6:D$105,2,0)=0,$E$3,VLOOKUP(E48,'HOURLY RATES'!C$6:D$105,2,0)) -> 79.332 | N48: =M48*L48 -> 0 | Q48: =P48+N48 -> 0 | S48: =((((N48*(1+$D$7))+(P48*(1+$D$5+$D$6)))*(1+$D$8)))/I48 -> 0 | T48: =S48*I48 -> 0
A49: =IF(J49<>"",1+MAX($A$17:A48),"") -> 23 | D49: DIV-01 | E49: General Requirements | F49: Signage | G49: 1 | H49: =IF(VLOOKUP(J49,'HOURLY RATES'!B$116:C$124,2,0)=0,$J$3,VLOOKUP(J49,'HOURLY RATES'!B$116:C$124,2,0)) -> 0 | I49: =(G49*(1+H49)) -> 1 | J49: LS | L49: =K49*I49 -> 0 | M49: =IF(VLOOKUP(E49,'HOURLY RATES'!C$6:D$105,2,0)=0,$E$3,VLOOKUP(E49,'HOURLY RATES'!C$6:D$105,2,0)) -> 79.332 | N49: =M49*L49 -> 0 | Q49: =P49+N49 -> 0 | S49: =((((N49*(1+$D$7))+(P49*(1+$D$5+$D$6)))*(1+$D$8)))/I49 -> 0 | T49: =S49*I49 -> 0
A50: =IF(J50<>"",1+MAX($A$17:A49),"") -> 24 | D50: DIV-01 | E50: General Requirements | F50: Promotion/Entertainment | G50: 1 | H50: =IF(VLOOKUP(J50,'HOURLY RATES'!B$116:C$124,2,0)=0,$J$3,VLOOKUP(J50,'HOURLY RATES'!B$116:C$124,2,0)) -> 0 | I50: =(G50*(1+H50)) -> 1 | J50: LS | L50: =K50*I50 -> 0 | M50: =IF(VLOOKUP(E50,'HOURLY RATES'!C$6:D$105,2,0)=0,$E$3,VLOOKUP(E50,'HOURLY RATES'!C$6:D$105,2,0)) -> 79.332 | N50: =M50*L50 -> 0 | Q50: =P50+N50 -> 0 | S50: =((((N50*(1+$D$7))+(P50*(1+$D$5+$D$6)))*(1+$D$8)))/I50 -> 0 | T50: =S50*I50 -> 0
A51: =IF(J51<>"",1+MAX($A$17:A50),"") -> 25 | D51: DIV-01 | E51: General Requirements | F51: Misc. | G51: 1 | H51: =IF(VLOOKUP(J51,'HOURLY RATES'!B$116:C$124,2,0)=0,$J$3,VLOOKUP(J51,'HOURLY RATES'!B$116:C$124,2,0)) -> 0 | I51: =(G51*(1+H51)) -> 1 | J51: LS | L51: =K51*I51 -> 0 | M51: =IF(VLOOKUP(E51,'HOURLY RATES'!C$6:D$105,2,0)=0,$E$3,VLOOKUP(E51,'HOURLY RATES'!C$6:D$105,2,0)) -> 79.332 | N51: =M51*L51 -> 0 | Q51: =P51+N51 -> 0 | S51: =((((N51*(1+$D$7))+(P51*(1+$D$5+$D$6)))*(1+$D$8)))/I51 -> 0 | T51: =S51*I51 -> 0
A52: =IF(J52<>"",1+MAX($A$17:A51),"")
A53: =IF(J53<>"",1+MAX($A$17:A52),"") | F53: Cleaning And Final
A54: =IF(J54<>"",1+MAX($A$17:A53),"") -> 26 | D54: DIV-01 | E54: General Requirements | F54: Trash | G54: 1 | H54: =IF(VLOOKUP(J54,'HOURLY RATES'!B$116:C$124,2,0)=0,$J$3,VLOOKUP(J54,'HOURLY RATES'!B$116:C$124,2,0)) -> 0 | I54: =(G54*(1+H54)) -> 1 | J54: LS | K54: =0.8%*($U$18)/M54 -> 1038.0075 | L54: =K54*I54 -> 1038.0075 | M54: =IF(VLOOKUP(E54,'HOURLY RATES'!C$6:D$105,2,0)=0,$E$3,VLOOKUP(E54,'HOURLY RATES'!C$6:D$105,2,0)) -> 79.332 | N54: =M54*L54 -> 82347.211 | Q54: =P54+N54 -> 82347.211 | S54: =((((N54*(1+$D$7))+(P54*(1+$D$5+$D$6)))*(1+$D$8)))/I54 -> 104478.02 | T54: =S54*I54 -> 104478.02
A55: =IF(J55<>"",1+MAX($A$17:A54),"") -> 27 | D55: DIV-01 | E55: General Requirements | F55: Final Cleaning | G55: 1 | H55: =IF(VLOOKUP(J55,'HOURLY RATES'!B$116:C$124,2,0)=0,$J$3,VLOOKUP(J55,'HOURLY RATES'!B$116:C$124,2,0)) -> 0 | I55: =(G55*(1+H55)) -> 1 | J55: LS | K55: =2.65%*(U18)/M55 -> 3438.3999 | L55: =K55*I55 -> 3438.3999 | M55: =IF(VLOOKUP(E55,'HOURLY RATES'!C$6:D$105,2,0)=0,$E$3,VLOOKUP(E55,'HOURLY RATES'!C$6:D$105,2,0)) -> 79.332 | N55: =M55*L55 -> 272775.14 | Q55: =P55+N55 -> 272775.14 | S55: =((((N55*(1+$D$7))+(P55*(1+$D$5+$D$6)))*(1+$D$8)))/I55 -> 346083.46 | T55: =S55*I55 -> 346083.46
A56: =IF(J56<>"",1+MAX($A$17:A55),"") -> 28 | D56: DIV-01 | E56: General Requirements | F56: Window Washing (Rough # Of Windows ) | G56: 1 | H56: =IF(VLOOKUP(J56,'HOURLY RATES'!B$116:C$124,2,0)=0,$J$3,VLOOKUP(J56,'HOURLY RATES'!B$116:C$124,2,0)) -> 0 | I56: =(G56*(1+H56)) -> 1 | J56: LS | L56: =K56*I56 -> 0 | M56: =IF(VLOOKUP(E56,'HOURLY RATES'!C$6:D$105,2,0)=0,$E$3,VLOOKUP(E56,'HOURLY RATES'!C$6:D$105,2,0)) -> 79.332 | N56: =M56*L56 -> 0 | Q56: =P56+N56 -> 0 | S56: =((((N56*(1+$D$7))+(P56*(1+$D$5+$D$6)))*(1+$D$8)))/I56 -> 0 | T56: =S56*I56 -> 0
A57: =IF(J57<>"",1+MAX($A$17:A56),"") -> 29 | D57: DIV-01 | E57: General Requirements | F57: Punch List Items | G57: 1 | H57: =IF(VLOOKUP(J57,'HOURLY RATES'!B$116:C$124,2,0)=0,$J$3,VLOOKUP(J57,'HOURLY RATES'!B$116:C$124,2,0)) -> 0 | I57: =(G57*(1+H57)) -> 1 | J57: LS | L57: =K57*I57 -> 0 | M57: =IF(VLOOKUP(E57,'HOURLY RATES'!C$6:D$105,2,0)=0,$E$3,VLOOKUP(E57,'HOURLY RATES'!C$6:D$105,2,0)) -> 79.332 | N57: =M57*L57 -> 0 | Q57: =P57+N57 -> 0 | S57: =((((N57*(1+$D$7))+(P57*(1+$D$5+$D$6)))*(1+$D$8)))/I57 -> 0 | T57: =S57*I57 -> 0
A58: =IF(J58<>"",1+MAX($A$17:A57),"")
A59: =IF(J59<>"",1+MAX($A$17:A58),"") | F59: Bonds, Insurance, Legal
A60: =IF(J60<>"",1+MAX($A$17:A59),"") -> 30 | D60: DIV-01 | E60: General Requirements | F60: Casualty Insurance | G60: 1 | H60: =IF(VLOOKUP(J60,'HOURLY RATES'!B$116:C$124,2,0)=0,$J$3,VLOOKUP(J60,'HOURLY RATES'!B$116:C$124,2,0)) -> 0 | I60: =(G60*(1+H60)) -> 1 | J60: LS | L60: =K60*I60 -> 0 | M60: =IF(VLOOKUP(E60,'HOURLY RATES'!C$6:D$105,2,0)=0,$E$3,VLOOKUP(E60,'HOURLY RATES'!C$6:D$105,2,0)) -> 79.332 | N60: =M60*L60 -> 0 | Q60: =P60+N60 -> 0 | S60: =((((N60*(1+$D$7))+(P60*(1+$D$5+$D$6)))*(1+$D$8)))/I60 -> 0 | T60: =S60*I60 -> 0
A61: =IF(J61<>"",1+MAX($A$17:A60),"") -> 31 | D61: DIV-01 | E61: General Requirements | F61: Medical Insurance | G61: 1 | H61: =IF(VLOOKUP(J61,'HOURLY RATES'!B$116:C$124,2,0)=0,$J$3,VLOOKUP(J61,'HOURLY RATES'!B$116:C$124,2,0)) -> 0 | I61: =(G61*(1+H61)) -> 1 | J61: LS | L61: =K61*I61 -> 0 | M61: =IF(VLOOKUP(E61,'HOURLY RATES'!C$6:D$105,2,0)=0,$E$3,VLOOKUP(E61,'HOURLY RATES'!C$6:D$105,2,0)) -> 79.332 | N61: =M61*L61 -> 0 | Q61: =P61+N61 -> 0 | S61: =((((N61*(1+$D$7))+(P61*(1+$D$5+$D$6)))*(1+$D$8)))/I61 -> 0 | T61: =S61*I61 -> 0
A62: =IF(J62<>"",1+MAX($A$17:A61),"") -> 32 | D62: DIV-01 | E62: General Requirements | F62: General Liability Insurance | G62: 1 | H62: =IF(VLOOKUP(J62,'HOURLY RATES'!B$116:C$124,2,0)=0,$J$3,VLOOKUP(J62,'HOURLY RATES'!B$116:C$124,2,0)) -> 0 | I62: =(G62*(1+H62)) -> 1 | J62: LS | L62: =K62*I62 -> 0 | M62: =IF(VLOOKUP(E62,'HOURLY RATES'!C$6:D$105,2,0)=0,$E$3,VLOOKUP(E62,'HOURLY RATES'!C$6:D$105,2,0)) -> 79.332 | N62: =M62*L62 -> 0 | Q62: =P62+N62 -> 0 | S62: =((((N62*(1+$D$7))+(P62*(1+$D$5+$D$6)))*(1+$D$8)))/I62 -> 0 | T62: =S62*I62 -> 0
A63: =IF(J63<>"",1+MAX($A$17:A62),"")
A64: =IF(J64<>"",1+MAX($A$17:A63),"") | F64: Project Management & Supervision
A65: =IF(J65<>"",1+MAX($A$17:A64),"") -> 33 | D65: DIV-01 | E65: General Requirements | F65: Project Management & Supervision | G65: 1 | H65: =IF(VLOOKUP(J65,'HOURLY RATES'!B$116:C$124,2,0)=0,$J$3,VLOOKUP(J65,'HOURLY RATES'!B$116:C$124,2,0)) -> 0 | I65: =(G65*(1+H65)) -> 1 | J65: LS | K65: =4.67%*($U$18)/M65 -> 6059.3688 | L65: =K65*I65 -> 6059.3688 | M65: =IF(VLOOKUP(E65,'HOURLY RATES'!C$6:D$105,2,0)=0,$E$3,VLOOKUP(E65,'HOURLY RATES'!C$6:D$105,2,0)) -> 79.332 | N65: =M65*L65 -> 480701.85 | Q65: =P65+N65 -> 480701.85 | S65: =((((N65*(1+$D$7))+(P65*(1+$D$5+$D$6)))*(1+$D$8)))/I65 -> 609890.47 | T65: =S65*I65 -> 609890.47
A66: =IF(J66<>"",1+MAX($A$17:A65),"")
A67: =IF(J67<>"",1+MAX($A$17:A66),"") | D67: DIV-21 | F67: Fire Suppression | R67: =SUM(Q70:Q84) -> 235280.89
A68: =IF(J68<>"",1+MAX($A$17:A67),"")
A69: =IF(J69<>"",1+MAX($A$17:A68),"") | F69: Fire Suppression Items
A70: =IF(J70<>"",1+MAX($A$17:A69),"") -> 34 | D70: DIV-21 | E70: Fire Suppression | F70: Sprinkler Heads | G70: 70 | H70: =IF(VLOOKUP(J70,'HOURLY RATES'!B$116:C$124,2,0)=0,$J$3,VLOOKUP(J70,'HOURLY RATES'!B$116:C$124,2,0)) -> 0 | I70: =(G70*(1+H70)) -> 70 | J70: EA | K70: 0.664 | L70: =K70*I70 -> 46.48 | M70: =IF(VLOOKUP(E70,'HOURLY RATES'!C$6:D$105,2,0)=0,$E$3,VLOOKUP(E70,'HOURLY RATES'!C$6:D$105,2,0)) -> 124.8534 | N70: =M70*L70 -> 5803.186 | O70: 80 | P70: =O70*I70 -> 5600 | Q70: =P70+N70 -> 11403.186 | S70: =((((N70*(1+$D$7))+(P70*(1+$D$5+$D$6)))*(1+$D$8)))/I70 -> 212.10528 | T70: =S70*I70 -> 14847.37
A71: =IF(J71<>"",1+MAX($A$17:A70),"") -> 35 | D71: DIV-21 | E71: Fire Suppression | F71: Check Valve | G71: 2 | H71: =IF(VLOOKUP(J71,'HOURLY RATES'!B$116:C$124,2,0)=0,$J$3,VLOOKUP(J71,'HOURLY RATES'!B$116:C$124,2,0)) -> 0 | I71: =(G71*(1+H71)) -> 2 | J71: EA | K71: 0.996 | L71: =K71*I71 -> 1.992 | M71: =IF(VLOOKUP(E71,'HOURLY RATES'!C$6:D$105,2,0)=0,$E$3,VLOOKUP(E71,'HOURLY RATES'!C$6:D$105,2,0)) -> 124.8534 | N71: =M71*L71 -> 248.70797 | O71: 120 | P71: =O71*I71 -> 240 | Q71: =P71+N71 -> 488.70797 | S71: =((((N71*(1+$D$7))+(P71*(1+$D$5+$D$6)))*(1+$D$8)))/I71 -> 318.15792 | T71: =S71*I71 -> 636.31585
A72: =IF(J72<>"",1+MAX($A$17:A71),"") -> 36 | D72: DIV-21 | E72: Fire Suppression | F72: Ball Valve | G72: 1 | H72: =IF(VLOOKUP(J72,'HOURLY RATES'!B$116:C$124,2,0)=0,$J$3,VLOOKUP(J72,'HOURLY RATES'!B$116:C$124,2,0)) -> 0 | I72: =(G72*(1+H72)) -> 1 | J72: EA | K72: 0.498 | L72: =K72*I72 -> 0.498 | M72: =IF(VLOOKUP(E72,'HOURLY RATES'!C$6:D$105,2,0)=0,$E$3,VLOOKUP(E72,'HOURLY RATES'!C$6:D$105,2,0)) -> 124.8534 | N72: =M72*L72 -> 62.176993 | O72: 60 | P72: =O72*I72 -> 60 | Q72: =P72+N72 -> 122.17699 | S72: =((((N72*(1+$D$7))+(P72*(1+$D$5+$D$6)))*(1+$D$8)))/I72 -> 159.07896 | T72: =S72*I72 -> 159.07896
A73: =IF(J73<>"",1+MAX($A$17:A72),"") -> 37 | D73: DIV-21 | E73: Fire Suppression | F73: 1 1/2" Dry Pipe Valve | G73: 1 | H73: =IF(VLOOKUP(J73,'HOURLY RATES'!B$116:C$124,2,0)=0,$J$3,VLOOKUP(J73,'HOURLY RATES'!B$116:C$124,2,0)) -> 0 | I73: =(G73*(1+H73)) -> 1 | J73: EA | K73: 2.075 | L73: =K73*I73 -> 2.075 | M73: =IF(VLOOKUP(E73,'HOURLY RATES'!C$6:D$105,2,0)=0,$E$3,VLOOKUP(E73,'HOURLY RATES'!C$6:D$105,2,0)) -> 124.8534 | N73: =M73*L73 -> 259.07081 | O73: 250 | P73: =O73*I73 -> 250 | Q73: =P73+N73 -> 509.07081 | S73: =((((N73*(1+$D$7))+(P73*(1+$D$5+$D$6)))*(1+$D$8)))/I73 -> 662.82901 | T73: =S73*I73 -> 662.82901
A74: =IF(J74<>"",1+MAX($A$17:A73),"")
A75: =IF(J75<>"",1+MAX($A$17:A74),"") | F75: Fire Suppression Pipes
A76: =IF(J76<>"",1+MAX($A$17:A75),"") -> 38 | D76: DIV-21 | E76: Fire Suppression | F76: 1 1/2" Fire Suppression Pipe | G76: 248 | H76: =IF(VLOOKUP(J76,'HOURLY RATES'!B$116:C$124,2,0)=0,$J$3,VLOOKUP(J76,'HOURLY RATES'!B$116:C$124,2,0)) -> 0.05 | I76: =(G76*(1+H76)) -> 260.4 | J76: LF | K76: 0.121 | L76: =K76*I76 -> 31.5084 | M76: =IF(VLOOKUP(E76,'HOURLY RATES'!C$6:D$105,2,0)=0,$E$3,VLOOKUP(E76,'HOURLY RATES'!C$6:D$105,2,0)) -> 124.8534 | N76: =M76*L76 -> 3933.9309 | O76: 3.06 | P76: =O76*I76 -> 796.824 | Q76: =P76+N76 -> 4730.7549 | S76: =((((N76*(1+$D$7))+(P76*(1+$D$5+$D$6)))*(1+$D$8)))/I76 -> 23.257125 | T76: =S76*I76 -> 6056.1553
A77: =IF(J77<>"",1+MAX($A$17:A76),"") -> 39 | D77: DIV-21 | E77: Fire Suppression | F77: 1 1/2" Dry Pipe | G77: 85 | H77: =IF(VLOOKUP(J77,'HOURLY RATES'!B$116:C$124,2,0)=0,$J$3,VLOOKUP(J77,'HOURLY RATES'!B$116:C$124,2,0)) -> 0.05 | I77: =(G77*(1+H77)) -> 89.25 | J77: LF | K77: 0.121 | L77: =K77*I77 -> 10.79925 | M77: =IF(VLOOKUP(E77,'HOURLY RATES'!C$6:D$105,2,0)=0,$E$3,VLOOKUP(E77,'HOURLY RATES'!C$6:D$105,2,0)) -> 124.8534 | N77: =M77*L77 -> 1348.3231 | O77: 3.06 | P77: =O77*I77 -> 273.105 | Q77: =P77+N77 -> 1621.4281 | S77: =((((N77*(1+$D$7))+(P77*(1+$D$5+$D$6)))*(1+$D$8)))/I77 -> 23.257125 | T77: =S77*I77 -> 2075.6984
A78: =IF(J78<>"",1+MAX($A$17:A77),"") -> 40 | D78: DIV-21 | E78: Fire Suppression | F78: 2 1/2" Fire Suppression Pipe | G78: 89 | H78: =IF(VLOOKUP(J78,'HOURLY RATES'!B$116:C$124,2,0)=0,$J$3,VLOOKUP(J78,'HOURLY RATES'!B$116:C$124,2,0)) -> 0.05 | I78: =(G78*(1+H78)) -> 93.45 | J78: LF | K78: 0.134 | L78: =K78*I78 -> 12.5223 | M78: =IF(VLOOKUP(E78,'HOURLY RATES'!C$6:D$105,2,0)=0,$E$3,VLOOKUP(E78,'HOURLY RATES'!C$6:D$105,2,0)) -> 124.8534 | N78: =M78*L78 -> 1563.4517 | O78: 5.09 | P78: =O78*I78 -> 475.6605 | Q78: =P78+N78 -> 2039.1122 | S78: =((((N78*(1+$D$7))+(P78*(1+$D$5+$D$6)))*(1+$D$8)))/I78 -> 28.029585 | T78: =S78*I78 -> 2619.3647
A79: =IF(J79<>"",1+MAX($A$17:A78),"") -> 41 | D79: DIV-21 | E79: Fire Suppression | F79: 2" Fire Suppression Pipe | G79: 301 | H79: =IF(VLOOKUP(J79,'HOURLY RATES'!B$116:C$124,2,0)=0,$J$3,VLOOKUP(J79,'HOURLY RATES'!B$116:C$124,2,0)) -> 0.05 | I79: =(G79*(1+H79)) -> 316.05 | J79: LF | K79: 0.13 | L79: =K79*I79 -> 41.0865 | M79: =IF(VLOOKUP(E79,'HOURLY RATES'!C$6:D$105,2,0)=0,$E$3,VLOOKUP(E79,'HOURLY RATES'!C$6:D$105,2,0)) -> 124.8534 | N79: =M79*L79 -> 5129.7892 | O79: 3.15 | P79: =O79*I79 -> 995.5575 | Q79: =P79+N79 -> 6125.3467 | S79: =((((N79*(1+$D$7))+(P79*(1+$D$5+$D$6)))*(1+$D$8)))/I79 -> 24.803083 | T79: =S79*I79 -> 7839.0142
A80: =IF(J80<>"",1+MAX($A$17:A79),"") -> 42 | D80: DIV-21 | E80: Fire Suppression | F80: 6" Fire Suppression Pipe | G80: 395 | H80: =IF(VLOOKUP(J80,'HOURLY RATES'!B$116:C$124,2,0)=0,$J$3,VLOOKUP(J80,'HOURLY RATES'!B$116:C$124,2,0)) -> 0.05 | I80: =(G80*(1+H80)) -> 414.75 | J80: LF | K80: 0.231 | L80: =K80*I80 -> 95.80725 | M80: =IF(VLOOKUP(E80,'HOURLY RATES'!C$6:D$105,2,0)=0,$E$3,VLOOKUP(E80,'HOURLY RATES'!C$6:D$105,2,0)) -> 124.8534 | N80: =M80*L80 -> 11961.861 | O80: 18.6 | P80: =O80*I80 -> 7714.35 | Q80: =P80+N80 -> 19676.211 | S80: =((((N80*(1+$D$7))+(P80*(1+$D$5+$D$6)))*(1+$D$8)))/I80 -> 61.45168 | T80: =S80*I80 -> 25487.084
A81: =IF(J81<>"",1+MAX($A$17:A80),"") -> 43 | D81: DIV-21 | E81: Fire Suppression | F81: 4" Fire Suppression Pipe | G81: 3183 | H81: =IF(VLOOKUP(J81,'HOURLY RATES'!B$116:C$124,2,0)=0,$J$3,VLOOKUP(J81,'HOURLY RATES'!B$116:C$124,2,0)) -> 0.05 | I81: =(G81*(1+H81)) -> 3342.15 | J81: LF | K81: 0.177 | L81: =K81*I81 -> 591.56055 | M81: =IF(VLOOKUP(E81,'HOURLY RATES'!C$6:D$105,2,0)=0,$E$3,VLOOKUP(E81,'HOURLY RATES'!C$6:D$105,2,0)) -> 124.8534 | N81: =M81*L81 -> 73858.346 | O81: 10.1 | P81: =O81*I81 -> 33755.715 | Q81: =P81+N81 -> 107614.06 | S81: =((((N81*(1+$D$7))+(P81*(1+$D$5+$D$6)))*(1+$D$8)))/I81 -> 41.537142 | T81: =S81*I81 -> 138823.36
A82: =IF(J82<>"",1+MAX($A$17:A81),"")
A83: =IF(J83<>"",1+MAX($A$17:A82),"") | F83: Pipe Fittings
A84: =IF(J84<>"",1+MAX($A$17:A83),"") -> 44 | D84: DIV-21 | E84: Fire Suppression | F84: Allowance For Fire Suppression Pipe Fittings (105171 Sf) | G84: 105171 | H84: =IF(VLOOKUP(J84,'HOURLY RATES'!B$116:C$124,2,0)=0,$J$3,VLOOKUP(J84,'HOURLY RATES'!B$116:C$124,2,0)) -> 0 | I84: =(G84*(1+H84)) -> 105171 | J84: LS | K84: 0.002 | L84: =K84*I84 -> 210.342 | M84: =IF(VLOOKUP(E84,'HOURLY RATES'!C$6:D$105,2,0)=0,$E$3,VLOOKUP(E84,'HOURLY RATES'!C$6:D$105,2,0)) -> 124.8534 | N84: =M84*L84 -> 26261.914 | O84: 0.52 | P84: =O84*I84 -> 54688.92 | Q84: =P84+N84 -> 80950.834 | S84: =((((N84*(1+$D$7))+(P84*(1+$D$5+$D$6)))*(1+$D$8)))/I84 -> 1.011812 | T84: =S84*I84 -> 106413.28
A85: =IF(J85<>"",1+MAX($A$17:A84),"")
A86: =IF(J86<>"",1+MAX($A$17:A85),"") | D86: DIV-22 | F86: Plumbing | R86: =SUM(Q87:Q226) -> 1583512
A87: =IF(J87<>"",1+MAX($A$17:A86),"")
A88: =IF(J88<>"",1+MAX($A$17:A87),"") | F88: Plumbing Fixture
A89: =IF(J89<>"",1+MAX($A$17:A88),"") | F89: Plumbing Fixture
A90: =IF(J90<>"",1+MAX($A$17:A89),"") -> 45 | D90: DIV-22 | E90: Plumber | F90: Sk: Sink (Under Mount) Make & Model: Guardian Gbf2172 | G90: 142 | H90: =IF(VLOOKUP(J90,'HOURLY RATES'!B$116:C$124,2,0)=0,$J$3,VLOOKUP(J90,'HOURLY RATES'!B$116:C$124,2,0)) -> 0 | I90: =(G90*(1+H90)) -> 142 | J90: EA | K90: 3.35 | L90: =K90*I90 -> 475.7 | M90: =IF(VLOOKUP(E90,'HOURLY RATES'!C$6:D$105,2,0)=0,$E$3,VLOOKUP(E90,'HOURLY RATES'!C$6:D$105,2,0)) -> 105.4782 | N90: =M90*L90 -> 50175.98 | O90: 385 | P90: =O90*I90 -> 54670 | Q90: =P90+N90 -> 104845.98 | S90: =((((N90*(1+$D$7))+(P90*(1+$D$5+$D$6)))*(1+$D$8)))/I90 -> 962.88002 | T90: =S90*I90 -> 136728.96
A91: =IF(J91<>"",1+MAX($A$17:A90),"") -> 46 | D91: DIV-22 | E91: Plumber | F91: Lav-1: Ada Lavatory Make & Model: Tbd | G91: 37 | H91: =IF(VLOOKUP(J91,'HOURLY RATES'!B$116:C$124,2,0)=0,$J$3,VLOOKUP(J91,'HOURLY RATES'!B$116:C$124,2,0)) -> 0 | I91: =(G91*(1+H91)) -> 37 | J91: EA | K91: 3.4 | L91: =K91*I91 -> 125.8 | M91: =IF(VLOOKUP(E91,'HOURLY RATES'!C$6:D$105,2,0)=0,$E$3,VLOOKUP(E91,'HOURLY RATES'!C$6:D$105,2,0)) -> 105.4782 | N91: =M91*L91 -> 13269.158 | O91: 440 | P91: =O91*I91 -> 16280 | Q91: =P91+N91 -> 29549.158 | S91: =((((N91*(1+$D$7))+(P91*(1+$D$5+$D$6)))*(1+$D$8)))/I91 -> 1043.0805 | T91: =S91*I91 -> 38593.98
A92: =IF(J92<>"",1+MAX($A$17:A91),"") -> 47 | D92: DIV-22 | E92: Plumber | F92: Lav-2: Ada Lavatory Make & Model: Tbd | G92: 26 | H92: =IF(VLOOKUP(J92,'HOURLY RATES'!B$116:C$124,2,0)=0,$J$3,VLOOKUP(J92,'HOURLY RATES'!B$116:C$124,2,0)) -> 0 | I92: =(G92*(1+H92)) -> 26 | J92: EA | K92: 3.4 | L92: =K92*I92 -> 88.4 | M92: =IF(VLOOKUP(E92,'HOURLY RATES'!C$6:D$105,2,0)=0,$E$3,VLOOKUP(E92,'HOURLY RATES'!C$6:D$105,2,0)) -> 105.4782 | N92: =M92*L92 -> 9324.2729 | O92: 440 | P92: =O92*I92 -> 11440 | Q92: =P92+N92 -> 20764.273 | S92: =((((N92*(1+$D$7))+(P92*(1+$D$5+$D$6)))*(1+$D$8)))/I92 -> 1043.0805 | T92: =S92*I92 -> 27120.094
A93: =IF(J93<>"",1+MAX($A$17:A92),"") -> 48 | D93: DIV-22 | E93: Plumber | F93: Lav-3: Ada Lavatory, Make & Model: Tbd | G93: 23 | H93: =IF(VLOOKUP(J93,'HOURLY RATES'!B$116:C$124,2,0)=0,$J$3,VLOOKUP(J93,'HOURLY RATES'!B$116:C$124,2,0)) -> 0 | I93: =(G93*(1+H93)) -> 23 | J93: EA | K93: 3.4 | L93: =K93*I93 -> 78.2 | M93: =IF(VLOOKUP(E93,'HOURLY RATES'!C$6:D$105,2,0)=0,$E$3,VLOOKUP(E93,'HOURLY RATES'!C$6:D$105,2,0)) -> 105.4782 | N93: =M93*L93 -> 8248.3952 | O93: 440 | P93: =O93*I93 -> 10120 | Q93: =P93+N93 -> 18368.395 | S93: =((((N93*(1+$D$7))+(P93*(1+$D$5+$D$6)))*(1+$D$8)))/I93 -> 1043.0805 | T93: =S93*I93 -> 23990.852
A94: =IF(J94<>"",1+MAX($A$17:A93),"") -> 49 | D94: DIV-22 | E94: Plumber | F94: Wc-1: Ada Water Closet, Make & Model: Tbd | G94: 65 | H94: =IF(VLOOKUP(J94,'HOURLY RATES'!B$116:C$124,2,0)=0,$J$3,VLOOKUP(J94,'HOURLY RATES'!B$116:C$124,2,0)) -> 0 | I94: =(G94*(1+H94)) -> 65 | J94: EA | K94: 3.45 | L94: =K94*I94 -> 224.25 | M94: =IF(VLOOKUP(E94,'HOURLY RATES'!C$6:D$105,2,0)=0,$E$3,VLOOKUP(E94,'HOURLY RATES'!C$6:D$105,2,0)) -> 105.4782 | N94: =M94*L94 -> 23653.486 | O94: 495 | P94: =O94*I94 -> 32175 | Q94: =P94+N94 -> 55828.486 | S94: =((((N94*(1+$D$7))+(P94*(1+$D$5+$D$6)))*(1+$D$8)))/I94 -> 1123.2811 | T94: =S94*I94 -> 73013.268
A95: =IF(J95<>"",1+MAX($A$17:A94),"") -> 50 | D95: DIV-22 | E95: Plumber | F95: Wc-1: Ada Water Closet, Make & Model: Tbd | G95: 5 | H95: =IF(VLOOKUP(J95,'HOURLY RATES'!B$116:C$124,2,0)=0,$J$3,VLOOKUP(J95,'HOURLY RATES'!B$116:C$124,2,0)) -> 0 | I95: =(G95*(1+H95)) -> 5 | J95: EA | K95: 3.45 | L95: =K95*I95 -> 17.25 | M95: =IF(VLOOKUP(E95,'HOURLY RATES'!C$6:D$105,2,0)=0,$E$3,VLOOKUP(E95,'HOURLY RATES'!C$6:D$105,2,0)) -> 105.4782 | N95: =M95*L95 -> 1819.4989 | O95: 495 | P95: =O95*I95 -> 2475 | Q95: =P95+N95 -> 4294.499 | S95: =((((N95*(1+$D$7))+(P95*(1+$D$5+$D$6)))*(1+$D$8)))/I95 -> 1123.2811 | T95: =S95*I95 -> 5616.4053
A96: =IF(J96<>"",1+MAX($A$17:A95),"") -> 51 | D96: DIV-22 | E96: Plumber | F96: Wc-1A: Ada Water Closet, Make & Model: Tbd | G96: 20 | H96: =IF(VLOOKUP(J96,'HOURLY RATES'!B$116:C$124,2,0)=0,$J$3,VLOOKUP(J96,'HOURLY RATES'!B$116:C$124,2,0)) -> 0 | I96: =(G96*(1+H96)) -> 20 | J96: EA | K96: 3.45 | L96: =K96*I96 -> 69 | M96: =IF(VLOOKUP(E96,'HOURLY RATES'!C$6:D$105,2,0)=0,$E$3,VLOOKUP(E96,'HOURLY RATES'!C$6:D$105,2,0)) -> 105.4782 | N96: =M96*L96 -> 7277.9958 | O96: 495 | P96: =O96*I96 -> 9900 | Q96: =P96+N96 -> 17177.996 | S96: =((((N96*(1+$D$7))+(P96*(1+$D$5+$D$6)))*(1+$D$8)))/I96 -> 1123.2811 | T96: =S96*I96 -> 22465.621
A97: =IF(J97<>"",1+MAX($A$17:A96),"") -> 52 | D97: DIV-22 | E97: Plumber | F97: Wc-2: Ada Water Closet, Make & Model: Tbd | G97: 51 | H97: =IF(VLOOKUP(J97,'HOURLY RATES'!B$116:C$124,2,0)=0,$J$3,VLOOKUP(J97,'HOURLY RATES'!B$116:C$124,2,0)) -> 0 | I97: =(G97*(1+H97)) -> 51 | J97: EA | K97: 3.45 | L97: =K97*I97 -> 175.95 | M97: =IF(VLOOKUP(E97,'HOURLY RATES'!C$6:D$105,2,0)=0,$E$3,VLOOKUP(E97,'HOURLY RATES'!C$6:D$105,2,0)) -> 105.4782 | N97: =M97*L97 -> 18558.889 | O97: 495 | P97: =O97*I97 -> 25245 | Q97: =P97+N97 -> 43803.889 | S97: =((((N97*(1+$D$7))+(P97*(1+$D$5+$D$6)))*(1+$D$8)))/I97 -> 1123.2811 | T97: =S97*I97 -> 57287.334
A98: =IF(J98<>"",1+MAX($A$17:A97),"") -> 53 | D98: DIV-22 | E98: Plumber | F98: Es-1: Emergency Shower, Make & Model: Guardian Gbf2172 | G98: 10 | H98: =IF(VLOOKUP(J98,'HOURLY RATES'!B$116:C$124,2,0)=0,$J$3,VLOOKUP(J98,'HOURLY RATES'!B$116:C$124,2,0)) -> 0 | I98: =(G98*(1+H98)) -> 10 | J98: EA | K98: 3.65 | L98: =K98*I98 -> 36.5 | M98: =IF(VLOOKUP(E98,'HOURLY RATES'!C$6:D$105,2,0)=0,$E$3,VLOOKUP(E98,'HOURLY RATES'!C$6:D$105,2,0)) -> 105.4782 | N98: =M98*L98 -> 3849.9543 | O98: 770 | P98: =O98*I98 -> 7700 | Q98: =P98+N98 -> 11549.954 | S98: =((((N98*(1+$D$7))+(P98*(1+$D$5+$D$6)))*(1+$D$8)))/I98 -> 1517.5924 | T98: =S98*I98 -> 15175.924
A99: =IF(J99<>"",1+MAX($A$17:A98),"") -> 54 | D99: DIV-22 | E99: Plumber | F99: Wh-1: Wall Hydrant, Make & Model: Zurn Z1320Xl | G99: 12 | H99: =IF(VLOOKUP(J99,'HOURLY RATES'!B$116:C$124,2,0)=0,$J$3,VLOOKUP(J99,'HOURLY RATES'!B$116:C$124,2,0)) -> 0 | I99: =(G99*(1+H99)) -> 12 | J99: EA | K99: 2.5 | L99: =K99*I99 -> 30 | M99: =IF(VLOOKUP(E99,'HOURLY RATES'!C$6:D$105,2,0)=0,$E$3,VLOOKUP(E99,'HOURLY RATES'!C$6:D$105,2,0)) -> 105.4782 | N99: =M99*L99 -> 3164.346 | O99: 275 | P99: =O99*I99 -> 3300 | Q99: =P99+N99 -> 6464.346 | S99: =((((N99*(1+$D$7))+(P99*(1+$D$5+$D$6)))*(1+$D$8)))/I99 -> 702.10988 | T99: =S99*I99 -> 8425.3186
A100: =IF(J100<>"",1+MAX($A$17:A99),"") -> 55 | D100: DIV-22 | E100: Plumber | F100: Hb-1: Hose Bibb, Make & Model: Chicago Faucets 293-E27Cp | G100: 17 | H100: =IF(VLOOKUP(J100,'HOURLY RATES'!B$116:C$124,2,0)=0,$J$3,VLOOKUP(J100,'HOURLY RATES'!B$116:C$124,2,0)) -> 0 | I100: =(G100*(1+H100)) -> 17 | J100: EA | K100: 2 | L100: =K100*I100 -> 34 | M100: =IF(VLOOKUP(E100,'HOURLY RATES'!C$6:D$105,2,0)=0,$E$3,VLOOKUP(E100,'HOURLY RATES'!C$6:D$105,2,0)) -> 105.4782 | N100: =M100*L100 -> 3586.2588 | O100: 220 | P100: =O100*I100 -> 3740 | Q100: =P100+N100 -> 7326.2588 | S100: =((((N100*(1+$D$7))+(P100*(1+$D$5+$D$6)))*(1+$D$8)))/I100 -> 561.68791 | T100: =S100*I100 -> 9548.6944
A101: =IF(J101<>"",1+MAX($A$17:A100),"") -> 56 | D101: DIV-22 | E101: Plumber | F101: Ur-1: Ada Urinal, Make & Model: Tbd | G101: 22 | H101: =IF(VLOOKUP(J101,'HOURLY RATES'!B$116:C$124,2,0)=0,$J$3,VLOOKUP(J101,'HOURLY RATES'!B$116:C$124,2,0)) -> 0 | I101: =(G101*(1+H101)) -> 22 | J101: EA | K101: 3.45 | L101: =K101*I101 -> 75.9 | M101: =IF(VLOOKUP(E101,'HOURLY RATES'!C$6:D$105,2,0)=0,$E$3,VLOOKUP(E101,'HOURLY RATES'!C$6:D$105,2,0)) -> 105.4782 | N101: =M101*L101 -> 8005.7954 | O101: 440 | P101: =O101*I101 -> 9680 | Q101: =P101+N101 -> 17685.795 | S101: =((((N101*(1+$D$7))+(P101*(1+$D$5+$D$6)))*(1+$D$8)))/I101 -> 1049.7718 | T101: =S101*I101 -> 23094.98
... A107: =IF(J107<>"",1+MAX($A$17:A106),"") -> 62 | D107: DIV-22 | E107: Plumber | F107: Tp-2: Trap Primer, Make & Model: Tbd | G107: 13 | H107: =IF(VLOOKUP(J107,'HOURLY RATES'!B$116:C$124,2,0)=0,$J$3,VLOOKUP(J107,'HOURLY RATES'!B$116:C$124,2,0)) -> 0 | I107: =(G107*(1+H107)) -> 13 | J107: EA | K107: 1.12 | L107: =K107*I107 -> 14.56 | M107: =IF(VLOOKUP(E107,'HOURLY RATES'!C$6:D$105,2,0)=0,$E$3,VLOOKUP(E107,'HOURLY RATES'!C$6:D$105,2,0)) -> 105.4782 | N107: =M107*L107 -> 1535.7626 | O107: 165 | P107: =O107*I107 -> 2145 | Q107: =P107+N107 -> 3680.7626 | S107: =((((N107*(1+$D$7))+(P107*(1+$D$5+$D$6)))*(1+$D$8)))/I107 -> 370.41225 | T107: =S107*I107 -> 4815.3593
...

Sheet Dashboard
A1: Project Dashboard
A37: Contentration of Sub-Contractor Cost

Sheet Data for Dashboard
A3: Pie Chart:
B4: Type | C4: Amount
B5: Material | C5: ='COST SUMMARY'!E38 -> 5583475.8 | D5: =C5/$C$11 -> 0.34868522
B6: Labor | C6: ='COST SUMMARY'!D38 -> 6739269.8 | D6: =C6/$C$11 -> 0.42086396 | E6: Type | F6: Percentage
B7: Material Tax | C7: ='COST SUMMARY'!E39 -> 372864.51 | D7: =C7/$C$11 -> 0.023285199 | E7: Material Tax | F7: =C7/C5 -> 0.06678
B8: Overhead & Profit (Material) | C8: ='COST SUMMARY'!E40 -> 1395868.9 | D8: =C8/$C$11 -> 0.087171304 | E8: Overhead & Profit (Material) | F8: =C8/C5 -> 0.25
B9: Overhead & Profit (Labor) | C9: ='COST SUMMARY'!D41 -> 1684817.4 | D9: =C9/$C$11 -> 0.10521599 | E9: Overhead & Profit (Labor) | F9: =C9/C6 -> 0.25
B10: Bond Fee | C10: ='COST SUMMARY'!F42 -> 236644.45 | D10: =C10/$C$11 -> 0.014778325 | E10: Bond Fee | F10: =C10/SUM(C4:C9) -> 0.015
C11: =SUM(C5:C10) -> 16012941 | E11: OH & P on subnotes | F11: ='COST SUMMARY'!L11 -> 0.05

Sheet COST SUMMARY
A1: COST SUMMARY
C4: Date: | D4: ='BASE BID'!K4 -> 0 | K4: Project Type: | L4: ='BASE BID'!K7 -> 0
C5: Project: | D5: ='BASE BID'!K5 -> 0 | K5: Scope of Work: | L5: GC
C6: Project Location: | D6: ='BASE BID'!K6 -> 0 | K6: Total Base Bid: | L6: =D10 -> 16012941
B9: BASE BID /ALTERNATES/ALLOWANCES | D9: TOTAL COSTS | J9: Please enter the sub-quotes in column R (Highlighted orange) against each division/trade and update the Overhead & Profit % as required below; column K will be updated automatically with Subquotes with OH&P. If there is no value entered in column R, the cost from column J (by DE) will be picked.
B10: Base Bid | D10: ='BASE BID'!E9 -> 16012941
B11: Hourly Rates Tab | J11: OH&P on Subquotes | L11: 0.05
B13: Note: Click on any of the above text to go to the relevant Tab
J15: For Client's Use Only
B17: CSI Summary for Base Bid | J17: Comparison with Sub-Quotes | M17: Enter the numbers manually
R18: Enter Subquotes below
B19: Div. No. | C19: CSI Division | D19: Labor Cost | E19: Material Cost | F19: Total Cost | G19: % of sub-total cost | J19: Division Cost with OH&P & Material Tax | K19: Sub-Quotes w/ OH&P | L19: Difference | M19: Finalized Bid amount by GC | N19: Remarks
B20: DIV-01 | C20: General Requirements | D20: =SUMIF('BASE BID'!D:D, B20,'BASE BID'!N:N) -> 2029344.1 | E20: =SUMIF('BASE BID'!D:D, B20, 'BASE BID'!P:P) -> 0 | F20: =SUMIF('BASE BID'!D:D, B20, 'BASE BID'!Q:Q) -> 2029344.1 | G20: =F20/$F$38 -> 0.16468279 | J20: =((D20*(1+$G$41))+(E20*(1+$G$39+$G$40)))*(1+$G$42) -> 2574730.3 | K20: =IF(R20="",J20,R20*(1+L$11)) -> 0 | L20: =J20-K20 -> 2574730.3 | R20: 0
B21: DIV-03 | C21: Concrete | D21: =SUMIF('BASE BID'!D:D, B21,'BASE BID'!N:N) -> 0 | E21: =SUMIF('BASE BID'!D:D, B21, 'BASE BID'!P:P) -> 0 | F21: =SUMIF('BASE BID'!D:D, B21, 'BASE BID'!Q:Q) -> 0 | G21: =F21/$F$38 -> 0 | J21: =((D21*(1+$G$41))+(E21*(1+$G$39+$G$40)))*(1+$G$42) -> 0 | K21: =IF(R21="",J21,R21*(1+L$11)) -> 0 | L21: =J21-K21 -> 0 | R21: 0
B22: DIV-05 | C22: Metals | D22: =SUMIF('BASE BID'!D:D, B22,'BASE BID'!N:N) -> 0 | E22: =SUMIF('BASE BID'!D:D, B22, 'BASE BID'!P:P) -> 0 | F22: =SUMIF('BASE BID'!D:D, B22, 'BASE BID'!Q:Q) -> 0 | G22: =F22/$F$38 -> 0 | J22: =((D22*(1+$G$41))+(E22*(1+$G$39+$G$40)))*(1+$G$42) -> 0 | K22: 0 | L22: =J22-K22 -> 0 | R22: 0
B23: DIV-06 | C23: Wood, Plastics & Composites | D23: =SUMIF('BASE BID'!D:D, B23,'BASE BID'!N:N) -> 0 | E23: =SUMIF('BASE BID'!D:D, B23, 'BASE BID'!P:P) -> 0 | F23: =SUMIF('BASE BID'!D:D, B23, 'BASE BID'!Q:Q) -> 0 | G23: =F23/$F$38 -> 0 | J23: =((D23*(1+$G$41))+(E23*(1+$G$39+$G$40)))*(1+$G$42) -> 0 | K23: 0 | L23: =J23-K23 -> 0 | R23: 0
B24: DIV-07 | C24: Thermal & Moisture Protection | D24: =SUMIF('BASE BID'!D:D, B24,'BASE BID'!N:N) -> 0 | E24: =SUMIF('BASE BID'!D:D, B24, 'BASE BID'!P:P) -> 0 | F24: =SUMIF('BASE BID'!D:D, B24, 'BASE BID'!Q:Q) -> 0 | G24: =F24/$F$38 -> 0 | J24: =((D24*(1+$G$41))+(E24*(1+$G$39+$G$40)))*(1+$G$42) -> 0 | K24: 0 | L24: =J24-K24 -> 0 | R24: 0
B25: DIV-08 | C25: Openings | D25: =SUMIF('BASE BID'!D:D, B25,'BASE BID'!N:N) -> 0 | E25: =SUMIF('BASE BID'!D:D, B25, 'BASE BID'!P:P) -> 0 | F25: =SUMIF('BASE BID'!D:D, B25, 'BASE BID'!Q:Q) -> 0 | G25: =F25/$F$38 -> 0 | J25: =((D25*(1+$G$41))+(E25*(1+$G$39+$G$40)))*(1+$G$42) -> 0 | K25: 0 | L25: =J25-K25 -> 0 | R25: 0
B26: DIV-09 | C26: Finishes | D26: =SUMIF('BASE BID'!D:D, B26,'BASE BID'!N:N) -> 0 | E26: =SUMIF('BASE BID'!D:D, B26, 'BASE BID'!P:P) -> 0 | F26: =SUMIF('BASE BID'!D:D, B26, 'BASE BID'!Q:Q) -> 0 | G26: =F26/$F$38 -> 0 | J26: =((D26*(1+$G$41))+(E26*(1+$G$39+$G$40)))*(1+$G$42) -> 0 | K26: 0 | L26: =J26-K26 -> 0 | R26: 0
B27: DIV-10 | C27: Specialties | D27: =SUMIF('BASE BID'!D:D, B27,'BASE BID'!N:N) -> 0 | E27: =SUMIF('BASE BID'!D:D, B27, 'BASE BID'!P:P) -> 0 | F27: =SUMIF('BASE BID'!D:D, B27, 'BASE BID'!Q:Q) -> 0 | G27: =F27/$F$38 -> 0 | J27: =((D27*(1+$G$41))+(E27*(1+$G$39+$G$40)))*(1+$G$42) -> 0 | K27: 0 | L27: =J27-K27 -> 0 | R27: 0
B28: DIV-12 | C28: Furnishings | D28: =SUMIF('BASE BID'!D:D, B28,'BASE BID'!N:N) -> 0 | E28: =SUMIF('BASE BID'!D:D, B28, 'BASE BID'!P:P) -> 0 | F28: =SUMIF('BASE BID'!D:D, B28, 'BASE BID'!Q:Q) -> 0 | G28: =F28/$F$38 -> 0 | J28: =((D28*(1+$G$41))+(E28*(1+$G$39+$G$40)))*(1+$G$42) -> 0 | K28: 0 | L28: =J28-K28 -> 0 | R28: 0
B29: DIV-21 | C29: Fire Suppression | D29: =SUMIF('BASE BID'!D:D, B29,'BASE BID'!N:N) -> 130430.76 | E29: =SUMIF('BASE BID'!D:D, B29, 'BASE BID'!P:P) -> 104850.13 | F29: =SUMIF('BASE BID'!D:D, B29, 'BASE BID'!Q:Q) -> 235280.89 | G29: =F29/$F$38 -> 0.01909322 | J29: =((D29*(1+$G$41))+(E29*(1+$G$39+$G$40)))*(1+$G$42) -> 305619.55 | K29: 0 | L29: =J29-K29 -> 305619.55 | R29: 0
B30: DIV-22 | C30: Plumbing | D30: =SUMIF('BASE BID'!D:D, B30,'BASE BID'!N:N) -> 678016.14 | E30: =SUMIF('BASE BID'!D:D, B30, 'BASE BID'!P:P) -> 905495.85 | F30: =SUMIF('BASE BID'!D:D, B30, 'BASE BID'!Q:Q) -> 1583512 | G30: =F30/$F$38 -> 0.12850318 | J30: =((D30*(1+$G$41))+(E30*(1+$G$39+$G$40)))*(1+$G$42) -> 2070456.9 | K30: 0 | L30: =J30-K30 -> 2070456.9 | R30: 0
B31: DIV-23 | C31: Heating, Ventilating, & Air conditioning | D31: =SUMIF('BASE BID'!D:D, B31,'BASE BID'!N:N) -> 1429984.7 | E31: =SUMIF('BASE BID'!D:D, B31, 'BASE BID'!P:P) -> 1920623.7 | F31: =SUMIF('BASE BID'!D:D, B31, 'BASE BID'!Q:Q) -> 3350608.4 | G31: =F31/$F$38 -> 0.27190437 | J31: =((D31*(1+$G$41))+(E31*(1+$G$39+$G$40)))*(1+$G$42) -> 4381267.6 | K31: 0 | L31: =J31-K31 -> 4381267.6 | R31: 0
B32: DIV-26 | C32: Electrical | D32: =SUMIF('BASE BID'!D:D, B32,'BASE BID'!N:N) -> 2184386.2 | E32: =SUMIF('BASE BID'!D:D, B32, 'BASE BID'!P:P) -> 2449799.2 | F32: =SUMIF('BASE BID'!D:D, B32, 'BASE BID'!Q:Q) -> 4634185.4 | G32: =F32/$F$38 -> 0.3760676 | J32: =((D32*(1+$G$41))+(E32*(1+$G$39+$G$40)))*(1+$G$42) -> 6045674.3 | K32: 0 | L32: =J32-K32 -> 6045674.3 | R32: 0
B33: DIV-27 | C33: Communications | D33: =SUMIF('BASE BID'!D:D, B33,'BASE BID'!N:N) -> 16272.081 | E33: =SUMIF('BASE BID'!D:D, B33, 'BASE BID'!P:P) -> 4789.32 | F33: =SUMIF('BASE BID'!D:D, B33, 'BASE BID'!Q:Q) -> 21061.401 | G33: =F33/$F$38 -> 0.0017091484 | J33: =((D33*(1+$G$41))+(E33*(1+$G$39+$G$40)))*(1+$G$42) -> 27046.28 | K33: 0 | L33: =J33-K33 -> 27046.28 | R33: 0
... B37: DIV-33 | C37: Utilities | D37: =SUMIF('BASE BID'!D:D, B37,'BASE BID'!N:N) -> 0 | E37: =SUMIF('BASE BID'!D:D, B37, 'BASE BID'!P:P) -> 0 | F37: =SUMIF('BASE BID'!D:D, B37, 'BASE BID'!Q:Q) -> 0 | G37: =F37/$F$38 -> 0 | J37: =((D37*(1+$G$41))+(E37*(1+$G$39+$G$40)))*(1+$G$42) -> 0 | K37: 0 | L37: =J37-K37 -> 0 | R37: 0
C38: SUB TOTAL | D38: =SUM(D20:D37) -> 6739269.8 | E38: =SUM(E20:E37) -> 5583475.8 | F38: =SUM(F20:F37) -> 12322746 | G38: =SUM(G8:G37) -> 1 | J38: =SUM(J20:J37) -> 16012941 | K38: =SUM(K20:K37) -> 0 | L38: =SUM(L20:L37) -> 16012941 | M38: =SUM(M20:M37) -> 0 | R38: =SUM(R20:R37) -> 0
C39: MATERIAL TAX | D39: 0 | E39: =E38*G39 -> 372864.51 | F39: =D39+E39 -> 372864.51 | G39: ='BASE BID'!D5 -> 0.06678
C40: OVERHEAD & PROFIT / INFLATION (Material) | D40: 0 | E40: =E38*G40 -> 1395868.9 | F40: =D40+E40 -> 1395868.9 | G40: ='BASE BID'!D6 -> 0.25
C41: OVERHEAD & PROFIT (Labor) | D41: =D38*G41 -> 1684817.4 | E41: 0 | F41: =D41+E41 -> 1684817.4 | G41: ='BASE BID'!D7 -> 0.25
C42: Bond Fee | F42: =SUM(F38:F41)*G42 -> 236644.45 | G42: ='BASE BID'!D8 -> 0.015
C43: TOTAL BASE BID | F43: =F38+F39+F40+F41+F42 -> 16012941
J45: For Client's Use Only
B47: Sub-Contractor/Trade Summary for Base Bid | J47: Comparison with Sub-Quotes | M47: Enter the numbers manually
R48: Enter Subquotes below
B49: Sub Contractor | D49: Labor Cost | E49: Material Cost | F49: Total Cost | G49: % of sub-total cost | J49: Sub Contractor Cost with OH&P & Material Tax | K49: Sub-Quotes w/ OH&P | L49: Difference | M49: Finalized Bid amount by GC | N49: Remarks
B50: General Requirements | D50: =SUMIF('BASE BID'!E:E, B50, 'BASE BID'!N:N) -> 2029344.1 | E50: =SUMIF('BASE BID'!E:E, B50, 'BASE BID'!P:P) -> 0 | F50: =SUMIF('BASE BID'!E:E, B50, 'BASE BID'!Q:Q) -> 2029344.1 | G50: =F50/F$38 -> 0.16468279 | J50: =((D50*(1+$G$87))+(E50*(1+$G$86+$G$85)))*(1+$G$88) -> 2574730.3 | K50: =IF(R50="",J50,R50*(1+L$11)) -> 0 | L50: =J50-K50 -> 2574730.3 | R50: 0
B51: Accessories | D51: =SUMIF('BASE BID'!E:E, B51, 'BASE BID'!N:N) -> 0 | E51: =SUMIF('BASE BID'!E:E, B51, 'BASE BID'!P:P) -> 0 | F51: =SUMIF('BASE BID'!E:E, B51, 'BASE BID'!Q:Q) -> 0 | G51: =F51/F$38 -> 0 | J51: =((D51*(1+$G$87))+(E51*(1+$G$86+$G$85)))*(1+$G$88) -> 0 | K51: =IF(R51="",J51,R51*(1+L$11)) -> 0 | L51: =J51-K51 -> 0 | R51: 0
B52: Communication | D52: =SUMIF('BASE BID'!E:E, B52, 'BASE BID'!N:N) -> 16272.081 | E52: =SUMIF('BASE BID'!E:E, B52, 'BASE BID'!P:P) -> 4789.32 | F52: =SUMIF('BASE BID'!E:E, B52, 'BASE BID'!Q:Q) -> 21061.401 | G52: =F52/F$38 -> 0.0017091484 | J52: =((D52*(1+$G$87))+(E52*(1+$G$86+$G$85)))*(1+$G$88) -> 27046.28 | K52: =IF(R52="",J52,R52*(1+L$11)) -> 0 | L52: =J52-K52 -> 27046.28 | R52: 0
B53: Concrete - Building | D53: =SUMIF('BASE BID'!E:E, B53, 'BASE BID'!N:N) -> 0 | E53: =SUMIF('BASE BID'!E:E, B53, 'BASE BID'!P:P) -> 0 | F53: =SUMIF('BASE BID'!E:E, B53, 'BASE BID'!Q:Q) -> 0 | G53: =F53/F$38 -> 0 | J53: =((D53*(1+$G$87))+(E53*(1+$G$86+$G$85)))*(1+$G$88) -> 0 | K53: =IF(R53="",J53,R53*(1+L$11)) -> 0 | L53: =J53-K53 -> 0 | R53: 0
B54: Countertops | D54: =SUMIF('BASE BID'!E:E, B54, 'BASE BID'!N:N) -> 0 | E54: =SUMIF('BASE BID'!E:E, B54, 'BASE BID'!P:P) -> 0 | F54: =SUMIF('BASE BID'!E:E, B54, 'BASE BID'!Q:Q) -> 0 | G54: =F54/F$38 -> 0 | J54: =((D54*(1+$G$87))+(E54*(1+$G$86+$G$85)))*(1+$G$88) -> 0 | K54: =IF(R54="",J54,R54*(1+L$11)) -> 0 | L54: =J54-K54 -> 0 | R54: 0
B55: Dewatering | D55: =SUMIF('BASE BID'!E:E, B55, 'BASE BID'!N:N) -> 0 | E55: =SUMIF('BASE BID'!E:E, B55, 'BASE BID'!P:P) -> 0 | F55: =SUMIF('BASE BID'!E:E, B55, 'BASE BID'!Q:Q) -> 0 | G55: =F55/F$38 -> 0 | J55: =((D55*(1+$G$87))+(E55*(1+$G$86+$G$85)))*(1+$G$88) -> 0 | K55: =IF(R55="",J55,R55*(1+L$11)) -> 0 | L55: =J55-K55 -> 0 | R55: 0
B56: Doors & Hardware | D56: =SUMIF('BASE BID'!E:E, B56, 'BASE BID'!N:N) -> 0 | E56: =SUMIF('BASE BID'!E:E, B56, 'BASE BID'!P:P) -> 0 | F56: =SUMIF('BASE BID'!E:E, B56, 'BASE BID'!Q:Q) -> 0 | G56: =F56/F$38 -> 0 | J56: =((D56*(1+$G$87))+(E56*(1+$G$86+$G$85)))*(1+$G$88) -> 0 | K56: =IF(R56="",J56,R56*(1+L$11)) -> 0 | L56: =J56-K56 -> 0 | R56: 0
B57: Dry Waller | D57: =SUMIF('BASE BID'!E:E, B57, 'BASE BID'!N:N) -> 0 | E57: =SUMIF('BASE BID'!E:E, B57, 'BASE BID'!P:P) -> 0 | F57: =SUMIF('BASE BID'!E:E, B57, 'BASE BID'!Q:Q) -> 0 | G57: =F57/F$38 -> 0 | J57: =((D57*(1+$G$87))+(E57*(1+$G$86+$G$85)))*(1+$G$88) -> 0 | K57: =IF(R57="",J57,R57*(1+L$11)) -> 0 | L57: =J57-K57 -> 0 | R57: 0
B58: Earth worker | D58: =SUMIF('BASE BID'!E:E, B58, 'BASE BID'!N:N) -> 0 | E58: =SUMIF('BASE BID'!E:E, B58, 'BASE BID'!P:P) -> 0 | F58: =SUMIF('BASE BID'!E:E, B58, 'BASE BID'!Q:Q) -> 0 | G58: =F58/F$38 -> 0 | J58: =((D58*(1+$G$87))+(E58*(1+$G$86+$G$85)))*(1+$G$88) -> 0 | K58: =IF(R58="",J58,R58*(1+L$11)) -> 0 | L58: =J58-K58 -> 0 | R58: 0
B59: Electrician | D59: =SUMIF('BASE BID'!E:E, B59, 'BASE BID'!N:N) -> 2184386.2 | E59: =SUMIF('BASE BID'!E:E, B59, 'BASE BID'!P:P) -> 2449799.2 | F59: =SUMIF('BASE BID'!E:E, B59, 'BASE BID'!Q:Q) -> 4634185.4 | G59: =F59/F$38 -> 0.3760676 | J59: =((D59*(1+$G$87))+(E59*(1+$G$86+$G$85)))*(1+$G$88) -> 6045674.3 | K59: =IF(R59="",J59,R59*(1+L$11)) -> 0 | L59: =J59-K59 -> 6045674.3 | R59: 0
B60: Electronic Safety and Security (FA) | D60: =SUMIF('BASE BID'!E:E, B60, 'BASE BID'!N:N) -> 270835.75 | E60: =SUMIF('BASE BID'!E:E, B60, 'BASE BID'!P:P) -> 197917.61 | F60: =SUMIF('BASE BID'!E:E, B60, 'BASE BID'!Q:Q) -> 468753.36 | G60: =F60/F$38 -> 0.038039685 | J60: =((D60*(1+$G$87))+(E60*(1+$G$86+$G$85)))*(1+$G$88) -> 608146.01 | K60: =IF(R60="",J60,R60*(1+L$11)) -> 0 | L60: =J60-K60 -> 608146.01 | R60: 0
B61: Erosion Control | D61: =SUMIF('BASE BID'!E:E, B61, 'BASE BID'!N:N) -> 0 | E61: =SUMIF('BASE BID'!E:E, B61, 'BASE BID'!P:P) -> 0 | F61: =SUMIF('BASE BID'!E:E, B61, 'BASE BID'!Q:Q) -> 0 | G61: =F61/F$38 -> 0 | J61: =((D61*(1+$G$87))+(E61*(1+$G$86+$G$85)))*(1+$G$88) -> 0 | K61: =IF(R61="",J61,R61*(1+L$11)) -> 0 | L61: =J61-K61 -> 0 | R61: 0
... B83: Window Installer | D83: =SUMIF('BASE BID'!E:E, B83, 'BASE BID'!N:N) -> 0 | E83: =SUMIF('BASE BID'!E:E, B83, 'BASE BID'!P:P) -> 0 | F83: =SUMIF('BASE BID'!E:E, B83, 'BASE BID'!Q:Q) -> 0 | G83: =F83/F$38 -> 0 | J83: =((D83*(1+$G$87))+(E83*(1+$G$86+$G$85)))*(1+$G$88) -> 0 | K83: =IF(R83="",J83,R83*(1+L$11)) -> 0 | L83: =J83-K83 -> 0 | R83: 0
B84: SUB TOTAL | D84: =SUM(D50:D83) -> 6739269.8 | E84: =SUM(E50:E83) -> 5583475.8 | F84: =SUM(F50:F83) -> 12322746 | G84: =SUM(G50:G83) -> 1 | J84: =SUM(J50:J83) -> 16012941 | K84: =SUM(K50:K83) -> 0 | L84: =SUM(L50:L83) -> 16012941 | M84: =SUM(M50:M83) -> 0 | R84: =SUM(R50:R83) -> 0
B85: MATERIAL TAX | D85: 0 | E85: =E84*G85 -> 372864.51 | F85: =D85+E85 -> 372864.51 | G85: =G39 -> 0.06678
B86: OVERHEAD & PROFIT / INFLATION (Material) | D86: 0 | E86: =E84*G86 -> 1395868.9 | F86: =D86+E86 -> 1395868.9 | G86: =G40 -> 0.25
B87: OVERHEAD & PROFIT (Labor) | D87: =D84*G87 -> 1684817.4 | E87: 0 | F87: =D87+E87 -> 1684817.4 | G87: =G41 -> 0.25
B88: Bond Fee | F88: =SUM(F84:F87)*G88 -> 236644.45 | G88: =G42 -> 0.015
B89: TOTAL BASE BID | F89: =F84+F85+F86+F87+F88 -> 16012941

Sheet HOURLY RATES
B2: Note: Adjusting the per hour labor rate in the table below will automatically update the labor pricing for whole project. To bypass the per hour labor rate for a single item, please put the per hour labor rate against that item in column M of relative tab.
B4: Please don’t edit anything below, without the approval of the Manager (Estimating Department)
B5: CSI Div. | C5: Sub-Contractor/Trade List | D5: Hourly Rates
B6: DIV-1 | C6: General Requirements | D6: 79.332 | F6: CLICK HERE TO GO BACK TO COST SUMMARY
B7: DIV-10 | C7: Accessories | D7: 102
B8: DIV-09 | C8: Acoustical and Metal Ceiling | D8: 105.6
B9: DIV-11 | C9: Appliances | D9: 105.6
B10: DIV-02 | C10: Asbestos Worker | D10: 112.8
B11: DIV-10 | C11: Awnings / Canopies | D11: 114
B12: DIV-12 | C12: Cabinetry | D12: 100.8
B13: DIV-06 | C13: Carpenter Millwork | D13: 100.8
B14: DIV-09 | C14: Ceiling - Others | D14: 103.2
B15: DIV-07 | C15: Cladding - Metal | D15: 110.6298
B16: DIV-06 | C16: Cladding - Wood | D16: 99.6
B17: DIV-06 | C17: Cladding - Other | D17: 102.6756
B18: DIV-09 | C18: Clean - Power Wash | D18: 77.6304
... B104: DIV-10 | C104: Wire Shelving | D104: 95.5476
B105: DIV-00 | C105: Z
B106: DIV-01 | C106: Z
B115: Unit | C115: Wastage
B116: EA | C116: ='BASE BID'!D$11 -> 0
B117: LF | C117: ='BASE BID'!D$12 -> 0.05
B118: SF | C118: ='BASE BID'!D$12 -> 0.05
B119: SY | C119: ='BASE BID'!D$12 -> 0.05
B120: LBS | C120: ='BASE BID'!D$12 -> 0.05
B121: TONS | C121: ='BASE BID'!D$12 -> 0.05
B122: CY | C122: ='BASE BID'!D$12 -> 0.05
B123: LS | C123: ='BASE BID'!D$11 -> 0

Sheet Data for Rough Cost
A1: Categories | B1: Commercial | C1: Residential | D1: Type | E1: Code | F1: Default1 | G1: Default2 | H1: Default3 | I1: Default4 | J1: Default5 | K1: Default6 | L1: Default7 | M1: Default8 | N1: Default9 | O1: Default10 | P1: Default11 | Q1: Default12 | R1: Default13 | S1: Default14 | T1: Default15 | U1: Default16 | V1: Default17 | W1: Default18 | X1: Default19 | Y1: Default20 | Z1: Default21 | AA1: Default22 | AB1: Default23 | AC1: Default24 | AD1: Default25 | AE1: Default26 | AF1: Default27 | AG1: Default28 | AH1: Default29 | AI1: Default30 | AJ1: Default31 | AK1: Default32 | AL1: Default33 | AM1: Default34 | AN1: Default35 | AO1: Default36 | AP1: Default37 | AQ1: Default38 | AR1: Default39 | AS1: Default40 | AT1: Default41 | AU1: Default42 | AV1: Default43 | AW1: Default44 | AX1: Default45 | AY1: Default46 | AZ1: Default47 | BA1: Default48 | BB1: Default49 | BC1: Default50 | BD1: Default51 | BE1: Default52 | BF1: Default53 | BG1: Default54 | BH1: Default55 | BI1: Default56 | BJ1: Default57 | BK1: Default58 | BL1: Default59 | BM1: Default60 | BN1: Default61 | BO1: Default62 | BP1: Default63 | BQ1: Default64 | BR1: Default65 | BS1: Default66 | BT1: Default67 | BU1: Default68 | BV1: Default69 | BW1: Default70 | BX1: Default71 | BY1: Default72 | BZ1: Default73 | CA1: Default74 | CB1: Default75 | CC1: Default76 | CD1: Default77 | CE1: Default78 | CF1: Default79 | CG1: Default80 | CH1: Default81 | CI1: Default82 | CJ1: Default83 | CK1: Default84 | CL1: Default85 | CM1: Default86 | CN1: Default87 | CO1: Default88 | CP1: Default89 | CQ1: Default90 | CR1: Default91 | CS1: Default92 | CT1: Default93 | CU1: Default94 | CV1: Default95 | CW1: Default96 | CX1: Default97 | CY1: Default98 | CZ1: Default99 | DA1: Default100 | DB1: Default101 | DC1: Economy1 | DD1: Economy2 | DE1: Economy3 | DF1: Economy4 | DG1: Economy5 | DH1: Economy6 | DI1: Economy7 | DJ1: Economy8 | DK1: Average1 | DL1: Average2 | DM1: Average3 | DN1: Average4 | DO1: Average5 | DP1: Average6 | DQ1: Average7 | DR1: Average8 | DS1: Average9 | DT1: Average10 | DU1: Average11 | DV1: Average12 | DW1: Custom1 | DX1: Custom2 | DY1: Custom3 | DZ1: Custom4 | EA1: Custom5 | EB1: Custom6 | EC1: Custom7 | ED1: Custom8 | EE1: Custom9 | EF1: Custom10 | EG1: Luxury1 | EH1: Luxury2 | EI1: Luxury3 | EJ1: Luxury4 | EK1: Luxury5 | EL1: Luxury6 | EM1: Luxury7 | EN1: Luxury8 | EO1: Luxury9 | EP1: Luxury10
A2: Commercial | B2: Default | C2: Economy | D2: Apartment 1-3 Story | E2: Default1 | F2: Brick Veneer/Reinforced Concrete | G2: Brick Veneer/Reinforced Concrete | H2: Brick Veneer/Reinforced Concrete | I2: Brick Veneer & Concrete Block / Bearing Walls | J2: Concrete Block/Bearing Walls | K2: Face Brick & Concrete Block/Reinforced Concrete | L2: Face Brick & Concrete Block/Reinforced Concrete | M2: Concrete Block/Steel Roof Deck | N2: Decorative Concrete Block/Bearing walls | O2: Concrete Block/Bearing Walls | P2: Decorative Concrete Block/Steel Truss | Q2: Brick Veneer/Wood Frame | R2: Decorative Concrete Block/Steel Joist | S2: Brick Veneer/Reinforced Concrete | T2: Brick Veneer/Reinforced Concrete | U2: Decorative Concrete Block/Bearing walls | V2: Decorative Concrete Block/Reinforced Concrete | W2: Decorative Concrete Block/Reinforced Concrete | X2: Brick Veneer/Reinforced Concrete | Y2: Brick Veneer/ Rigid Steel | Z2: Decorative Concrete Block/Bearing walls | AA2: Face Brick & Concrete Block/Reinforced Concrete | AB2: Decorative Concrete Block/Bearing walls | AC2: Brick Veneer/ Reinforeced Concrete | AD2: Face Brick & Concrete Block/Reinforced Concrete | AE2: Face Brick & Concrete Block/Reinforced Concrete | AF2: Brick Veneer/wood Frame | AG2: Concrete Block/Bearing Wall | AH2: Face Brick & Common Brick/Reinforced Concrete | AI2: Decorative Concrete Block/Bearing walls | AJ2: Decorative Concrete Block/Bearing walls | AK2: Decorative Concrete Block/Precast Concrete | AL2: Decorative Concrete Block/Precast Concrete | AM2: Aluminum Clapboard/Wood Frame | AN2: Aluminum Clapboard/Wood Frame | AO2: Aluminum Clapboard/Wood Frame | AP2: E.I.F.S. & Concrete Block/Rigid Steel | AQ2: Cast in Place Concrete/Reinforced Concrete | AR2: Cast in Place Concrete/Steel Joists | AS2: Aluminum Clapboard/Wood Frame | AT2: Cast in Place Concrete/Reinforced Concrete | AU2: Cast in Place Concrete/Reinforced Concrete | AV2: Concrete Block/Bearing Walls | AW2: Brick Veneer/Wood Frame | AX2: Brick Veneer/Reinforced Concrete | AY2: Brick Veneer/Reinforced Concrete | AZ2: Brick Veneer/Reinforced Concrete | BA2: Cast in Place Concrete/Rigid Steel | BB2: Decorative Concrete Block/Bearing walls | BC2: Face Brick & Concrete Block/Reinforced Concrete | BD2: Face Brick & Concrete Block/Reinforced Concrete | BE2: Brick Veneer/Reinforced Concrete | BF2: Brick Veneer/Wood Truss | BG2: Brick Veneer/Reinforced Concrete | BH2: Brick Veneer/Wood Frame | BI2: Aluminum Clapboard/Wood Frame | BJ2: Aluminum Clapboard/Wood Frame | BK2: Brick Veneer/Wood Frame | BL2: Brick Veneer/Wood Frame | BM2: Conrete Block/Steel Joists | BN2: Face Brick & Concrete Block/Bearing walls | BO2: Brick Veneer/Reinforced Concrete | BP2: Brick Veneer/Wood Truss | BQ2: Brick Veneer/Reinforced Concrete | BR2: Curtain Wall/Reinforced Conrete | BS2: Brick Veneer/Reinforced Concrete | BT2: Brick Veneer/Wood Frame | BU2: Brick Veneer/Reinforced Concrete | BV2: Face Brick & Concrete Block/Reinforced Concrete | BW2: Brick Veneer/Rigid Steel | BX2: Decorative Concrete Block/Bearing walls | BY2: Decorative Concrete Block/Bearing walls | BZ2: Aluminum Clapboard/Wood Truss | CA2: Decorative Concrete Block/Bearing walls | CB2: Brick Veneer/Rigid Steel | CC2: Face Brick & Concrete Block/Steel Joists | CD2: Brick Veneer/Wood Frame | CE2: E.I.F.S./Reinforced Concrete | CF2: Fiber Cement/Rigid Steel | CG2: Brick Veneer/Reinforced Concrete | CH2: Decorative Concrete Block/Bearing walls | CI2: Brick Veneer/Reinforced Concrete | CJ2: Decorative Concrete Block/Reinforced Concrete | CK2: Brick Veneer/Reinforced Concrete | CL2: Decorative Concrete Block/Bearing walls | CM2: Decorative Concrete Block/Bearing walls | CN2: Decorative Concrete Block/Bearing walls | CO2: Face Brick/Wood Frame | CP2: Decorative Concrete Block/Reinforced Concrete | CQ2: Face Brick & Concrete Block/Reinforced Concrete | CR2: Brick Veneer/Reinforced Concrete | CS2: Brick Veneer/Reinforced Concrete | CT2: Face Brick & Concrete Block/Bearing Walls | CU2: Concrete Block/Precast Concrete | CV2: Decorative Concrete Block/Bearing walls | CW2: Brick Veneer/Wood Frame | CX2: Face Brick & Concrete Block/Reinforced Concrete | CY2: Brick Veneer/Wood Truss | CZ2: Brick Veneer/Reinforced Concrete | DA2: Concrete Block/Bearing Walls | DB2: Concrete Block/Reinforced Concrete | DC2: Brick Veneer - Wood Frame | DD2: Brick Veneer - Wood Frame | DE2: Brick Veneer - Wood Frame | DF2: Brick Veneer - Wood Frame | DG2: Brick Veneer - Wood Frame | DH2: Brick Veneer - Wood Frame | DI2: Brick Veneer - Wood Frame | DJ2: Brick Veneer - Wood Frame | DK2: Brick Veneer - Wood Frame | DL2: Brick Veneer - Wood Frame | DM2: Brick Veneer - Wood Frame | DN2: Brick Veneer - Wood Frame | DO2: Brick Veneer - Wood Frame | DP2: Brick Veneer - Wood Frame | DQ2: Brick Veneer - Wood Frame | DR2: Brick Veneer - Wood Frame | DS2: Brick Veneer - Wood Frame | DT2: Brick Veneer - Wood Frame | DU2: 6" Log - Solid Wall | DV2: 6" Log - Solid Wall | DW2: Brick Veneer - Wood Frame | DX2: Brick Veneer - Wood Frame | DY2: Brick Veneer - Wood Frame | DZ2: Brick Veneer - Wood Frame | EA2: Brick Veneer - Wood Frame | EB2: Brick Veneer - Wood Frame | EC2: Brick Veneer - Wood Frame | ED2: Brick Veneer - Wood Frame | EE2: Brick Veneer - Wood Frame | EF2: Brick Veneer - Wood Frame | EG2: Brick Veneer - Wood Frame | EH2: Brick Veneer - Wood Frame | EI2: Brick Veneer - Wood Frame | EJ2: Brick Veneer - Wood Frame | EK2: Brick Veneer - Wood Frame | EL2: Brick Veneer - Wood Frame | EM2: Brick Veneer - Wood Frame | EN2: Brick Veneer - Wood Frame | EO2: Brick Veneer - Wood Frame | EP2: Brick Veneer - Wood Frame
A3: Residential | C3: Average | D3: Apartment 4-7 Story | E3: Default2 | F3: Brick Veneer/Rigid Steel | G3: Brick Veneer/Rigid Steel | H3: Brick Veneer/Rigid Steel | I3: Brick Veneer & Concrete Block / Wood Truss | J3: Concrete Block/Rigid Steel | K3: Face Brick & Concrete Block/Rigid Steel | L3: Face Brick & Concrete Block/Rigid Steel | M3: Decorative Concrete Block/Steel Roof Deck | N3: Decorative Concrete Block/Rigid Steel | O3: Concrete Block/Rigid Steel | P3: Decorative Concrete Block/Wood Arch | Q3: Stone Ashlar & Cocnrete block/Steel Joist | R3: Decorative Concrete Block/Wood Joist | S3: Brick Veneer/Rigid Steel | T3: Brick Veneer/Rigid Steel | U3: Decorative Concrete Block/Rigid Steel | V3: Decorative Concrete Block/Rigid Steel | W3: Decorative Concrete Block/Rigid Steel | X3: Brick Veneer/Rigid Steel | Y3: Brick Veneer/ Reinforced Concrete | Z3: Decorative Concrete Block/Rigid Steel | AA3: Face Brick & Concrete Block/Rigid Steel | AB3: Decorative Concrete Block/Rigid Steel | AC3: Curtain Wall/Rigid steel | AD3: Face Brick & Concrete Block/Rigid Steel | AE3: Face Brick & Concrete Block/Rigid Steel | AF3: Decorative Concrete Block/Bearing walls | AG3: Concrete Block/Rigid Steel | AH3: Face Brick & Common Brick/Rigid Steel | AI3: Decorative Concrete Block/Steel Joist | AJ3: Decorative Concrete Block/Steel Joist | AK3: Decorative Concrete Block/Steel Joists | AL3: Decorative Concrete Block/Steel Joists | AM3: Decorative Concrete Block/Wood Joists | AN3: Brick Veneer/Wood Frame | AO3: Brick Veneer/Wood Frame | AP3: Face Brick & Concrete Block/Bearing walls | AQ3: Cast in Place Concrete/Rigid Steel | AR3: Cast in Place Concrete/Wood Joists | AS3: Face Brick & Concrete Block/Steel Joists | AT3: Concrete Block/Rigid Steel | AU3: Concrete Block/Rigid Steel | AV3: Concrete Block/Rigid Steel | AW3: Curtain Wall/Rigid steel | AX3: Curtain Wall/Rigid steel | AY3: Curtain Wall/Rigid steel | AZ3: Curtain Wall/Rigid steel | BA3: Face Brick & Concrete Block/Reinforced Concrete | BB3: Decorative Concrete Block/Rigid Steel | BC3: Face Brick & Concrete Block/Rigid Steel | BD3: Face Brick & Concrete Block/Rigid Steel | BE3: E.I.F.S./Rigid Steel | BF3: Face Brick & Concrete Block/Steel Joists | BG3: E.I.F.S./Rigid Steel | BH3: Face Brick & Concrete Block/Steel Joists | BI3: Brick Veneer/Wood Frame | BJ3: Brick Veneer/Wood Frame | BK3: Decorative Concrete Block/Precast Concrete | BL3: Decorative Concrete Block/Precast Concrete | BM3: Decorative Concrete Block/Steel Joists | BN3: Face Brick & Concrete Block/Rigid Steel | BO3: E.I.F.S./Rigid Steel | BP3: E.I.F.S. & Metal Studs/Steel Roof Deck | BQ3: Curtain Wall/Rigid Steel | BR3: Curtain Wall/Rigid Steel | BS3: E.I.F.S./Rigid Steel | BT3: Curtain Wall/Reinforced Conrete | BU3: Curtain Wall/Rigid Steel | BV3: Face Brick & Concrete Block/Rigid Steel | BW3: Brick Veneer/Wood Truss | BX3: Decorative Concrete Block/Reinforced Concrete | BY3: Decorative Concrete Block/Reinforced Concrete | BZ3: Metal Panel & Wood Studs/Wood Truss | CA3: Decorative Concrete Block/Rigid Steel | CB3: Concrete Block/Rigid Steel | CC3: Face Brick & Concrete Block/Wood Joists | CF3: Stone Veneer/Rigid Steel | CG3: E.I.F.S./Rigid Steel | CH3: Decorative Concrete Block/Rigid Steel | CI3: E.I.F.S./Rigid Steel | CJ3: Decorative Concrete Block/Rigid Steel | CK3: E.I.F.S./Rigid Steel | CL3: Decorative Concrete Block/Rigid Steel | CM3: Decorative Concrete Block/Rigid Steel | CN3: Decorative Concrete Block/Rigid Steel | CO3: Metal Sandwich Panel/Rigid Steel | CP3: Decorative Concrete Block/Steel Joists | CQ3: Face Brick & Concrete Block/Rigid Steel | CR3: E.I.F.S. & Metal Studs/Steel Joists | CS3: Curtain Wall/Rigid Steel | CT3: Face Brick & Concrete Block/Rigid Steel | CU3: Concrete Block/Wood Frame | CV3: Decorative Concrete Block/Rigid Steel | CW3: E.I.F.S./Wood Frame | CX3: Face Brick & Concrete Block/Rigid Steel | CY3: E.I.F.S./Steel Joists | CZ3: E.I.F.S./Rigid Steel | DA3: Concrete Block/Rigid Steel | DB3: Concrete Block/Rigid Steel | DC3: Painted Concrete Block | DD3: Painted Concrete Block | DE3: Painted Concrete Block | DF3: Painted Concrete Block | DG3: Painted Concrete Block | DH3: Painted Concrete Block | DI3: Painted Concrete Block | DJ3: Painted Concrete Block | DK3: Solid Masonry | DL3: Solid Masonry | DM3: Solid Masonry | DN3: Solid Masonry | DO3: Solid Masonry | DP3: Solid Masonry | DQ3: Solid Masonry | DR3: Solid Masonry | DS3: Solid Masonry | DT3: Solid Masonry | DU3: 8" Log - Solid Wall | DV3: 8" Log - Solid Wall | DW3: Solid Masonry | DX3: Solid Masonry | DY3: Solid Masonry | DZ3: Solid Masonry | EA3: Solid Masonry | EB3: Solid Masonry | EC3: Solid Masonry | ED3: Solid Masonry | EE3: Solid Masonry | EF3: Solid Masonry | EG3: Solid Brick | EH3: Solid Brick | EI3: Solid Brick | EJ3: Solid Brick | EK3: Solid Brick | EL3: Solid Brick | EM3: Solid Brick | EN3: Solid Brick | EO3: Solid Brick | EP3: Solid Brick
C4: Custom | D4: Apartment 8-24 Story | E4: Default3 | F4: E.I.F.S. & Metal studs/Rigid Steel | G4: Cuttain Wall/Rigid Steel | H4: Cuttain Wall/Rigid Steel | I4: Brick Veneer / Rigid Steel | J4: Decorative Concrete Block/Bearing Walls | K4: Limestone & Concrete Block/Reinforced Concrete | L4: Limestone & Concrete Block/Reinforced Concrete | M4: Face Brick & Concrete Block/Steel Roof Deck | N4: Face Brick & Concrete Block/Bearing walls | O4: Face Brick & Concrete Block/Bearing walls | P4: Face Brick & Concrete Block/Steel Truss | Q4: Stone Ashlar & Cocnrete block/Wood Truss | R4: Face Brick & Concrete Block/Steel Joist | S4: Cutain Wall/Rigid Steel | T4: Cutain Wall/Rigid Steel | U4: Face Brick & Concrete Block/Bearing walls | V4: Face Brick & Concrete Block/Reinforced Concrete | W4: Face Brick & Concrete Block/Reinforced Concrete | X4: Curtain Wall/Rigid Steel | Y4: Curtain wall/ Rigid Steel | Z4: Face Brick & Concrete Block/Bearing walls | AA4: Limestone & Concrete Block/Reinforced Concrete | AB4: Face Brick & Concrete Block/Bearing walls | AC4: E.I.F.S./Rigid Steel | AD4: Limestone & Concrete Block/Reinforced Concrete | AE4: Limestone & Concrete Block/Reinforced Concrete | AF4: Face Brick & Concrete Block/Steel Joist | AG4: Face Brick & Common Brick/Rigid Steel | AH4: Face Brick & Concrete Block/Reinforced Concrete | AI4: Face Brick & Concrete Block/Bearing walls | AJ4: Face Brick & Concrete Block/Bearing walls | AK4: Face Brick & Concrete Block/Precast Concrete | AL4: Face Brick & Concrete Block/Precast Concrete | AM4: Face Brick & Concrete Block/Bearing walls | AN4: Face Brick & Concrete Block/Wood Truss | AO4: Face Brick & Concrete Block/Wood Truss | AP4: Face Brick & Concrete Block/Rigid Steel | AQ4: Face Brick & Concrete Block/Precast Concrete | AR4: Concrete Block/Steel Joists | AS4: Face Brick & Concrete Block/Wood Truss | AT4: Concrete Block/Wood Arch | AU4: Concrete Block/Wood Arch | AV4: Metal Panel/Rigid Steel | AW4: E.I.F.S./Reinforced Concrete | AX4: E.I.F.S./Reinforced Concrete | AY4: E.I.F.S./Reinforced Concrete | AZ4: E.I.F.S./Reinforced Concrete | BA4: Face Brick & Concrete Block/Rigid Steel | BB4: Face Brick & Concrete Block/Bearing walls | BC4: Limestone & Concrete Block/Reinforced Concrete | BD4: Limestone & Concrete Block/Reinforced Concrete | BE4: Fiber Cement/Rigid Steel | BF4: Face Brick & Concrete Block/Wood Truss | BG4: Fiber Cement/Rigid Steel | BH4: Face Brick & Concrete Block/Wood Joists | BI4: Conrete Block/Wood Truss | BJ4: Face Brick & Concrete Block/Wood Truss | BK4: Decorative Concrete Block/Wood Joists | BL4: Decorative Concrete Block/Wood Joists | BM4: Face Brick & Concrete Block/Steel Joists | BN4: Precast Concrete/Bearing walls | BO4: Fiber Cement/Rigid Steel | BP4: Face Brick & Concrete Block/Steel Roof Deck | BQ4: E.I.F.S./Reinforced Concrete | BR4: Face Brick & Concrete Block/Reinforced Concrete | BS4: Fiber Cement/Rigid Steel | BT4: Curtain Wall/Rigid Steel | BU4: E.I.F.S./Reinforced Concrete | BV4: Limestone & Concrete Block/Reinforced Concrete | BW4: Decorative Concrete Block/Bearing walls | BX4: Face Brick & Concrete Block/Bearing Walls | BY4: Face Brick & Concrete Block/Bearing Walls | BZ4: Plywood Siding/Wood Truss | CA4: Face Brick & Concrete Block/Bearing Walls | CB4: Face Brick & Concrete Block/Bearing Walls | CC4: Limestone & Concrete Block/Steel Joists | CF4: Stucco/Reinforced Concrete | CG4: Fiber Cement/Rigid Steel | CH4: Face Brick & Concrete Block/Bearing Walls | CI4: Fiber Cement/Rigid Steel | CJ4: Face Brick & Concrete Block/Reinforced Concrete | CK4: Fiber Cement/Rigid Steel | CL4: Face Brick & Concrete Block/Bearing Walls | CM4: Face Brick & Concrete Block/Bearing Walls | CN4: Face Brick & Concrete Block/Bearing Walls | CO4: Precast Concrete/Rigid Steel | CP4: Face Brick & Concrete Block/Reinforced Concrete | CQ4: Face Brick & Metal Studs/Reinforced Concrete | CR4: Fiber Cement/Wood Frame | CS4: E.I.F.S./Rigid Steel | CT4: Metal Sandwich Panel/Rigid Steel | CU4: Face Brick & Concrete Block/Precast Concrete | CV4: Face Brick & Concrete Block/Bearing Walls | CW4: Face Brick & Concrete Block/Steel Joists | CX4: Limestone & Concrete Block/Reinforced Concrete | CY4: E.I.F.S./Wood Truss | CZ4: Metal Panel/Rigid Steel | DA4: Face Brick & Concrete Block/Bearing walls | DB4: Metal Sandwich Panel/Rigid Steel | DC4: Stucco on Wood Frame | DD4: Stucco on Wood Frame | DE4: Stucco on Wood Frame | DF4: Stucco on Wood Frame | DG4: Stucco on Wood Frame | DH4: Stucco on Wood Frame | DI4: Stucco on Wood Frame | DJ4: Stucco on Wood Frame | DK4: Stucco on Wood Frame | DL4: Stucco on Wood Frame | DM4: Stucco on Wood Frame | DN4: Stucco on Wood Frame | DO4: Stucco on Wood Frame | DP4: Stucco on Wood Frame | DQ4: Stucco on Wood Frame | DR4: Stucco on Wood Frame | DS4: Stucco on Wood Frame | DT4: Stucco on Wood Frame | DW4: Stone Veneer - Wood Frame | DX4: Stone Veneer - Wood Frame | DY4: Stone Veneer - Wood Frame | DZ4: Stone Veneer - Wood Frame | EA4: Stone Veneer - Wood Frame | EB4: Stone Veneer - Wood Frame | EC4: Stone Veneer - Wood Frame | ED4: Stone Veneer - Wood Frame | EE4: Stone Veneer - Wood Frame | EF4: Stone Veneer - Wood Frame | EG4: Solid Stone | EH4: Solid Stone | EI4: Solid Stone | EJ4: Solid Stone | EK4: Solid Stone | EL4: Solid Stone | EM4: Solid Stone | EN4: Solid Stone | EO4: Solid Stone | EP4: Solid Stone
C5: Luxury | D5: Assisted - Senior Living | E5: Default4 | F5: Fiber Cement/Wood Frame | G5: E.I.F.S. & Metal studs/Rigid Steel | H5: E.I.F.S./Rigid Steel | I5: Brick Veneer / Wood Frame | J5: Face Brick & Concrete Block/Bearing Walls | K5: Limestone & Concrete Block/Rigid Steel | L5: Limestone & Concrete Block/Rigid Steel | M5: Jumbo Brick & Concrete Block/Steel Roof Deck | N5: Face Brick & Concrete Block/Rigid Steel | O5: Face Brick & Concrete Block/Rigid Steel | P5: Face Brick & Concrete Block/Rigid Wood Arch | Q5: Stucco & Cocnrete Block/Steel Joist | R5: Face Brick & Concrete Block/Wood Joist | S5: Fiber Cement/Wood Frame | T5: Fiber Cement/Wood Frame | U5: Face Brick & Concrete Block/Rigid Steel | V5: Face Brick & Concrete Block/Rigid Steel | W5: Face Brick & Concrete Block/Rigid Steel | X5: E.I.F.S./Rigid Steel | Y5: E.I.F.S./Rigid Steel | Z5: Face Brick & Concrete Block/Rigid Steel | AA5: Limestone & Concrete Block/Rigid Steel | AB5: Face Brick & Concrete Block/Rigid Steel | AC5: Fiber Cement/ Rigid Steel | AD5: Limestone & Concrete Block/Rigid Steel | AE5: Limestone & Concrete Block/Rigid Steel | AF5: Stucco & Concrete Block/Wood Truss | AG5: Metal Panel/Rigid Steel | AH5: Face Brick & Concrete Block/Rigid Steel | AI5: Face Brick & Concrete Block/Steel Joists | AJ5: Face Brick & Concrete Block/Steel Joists | AK5: Face Brick & Concrete Block/Steel Joists | AL5: Face Brick & Concrete Block/Steel Joists | AM5: Stucco & Concrete Block/Bearing walls | AN5: Limestone & Concrete Block/Wood Truss | AO5: Limestone & Concrete Block/Wood Truss | AP5: Stucco & Concrete Block/Bearing walls | AQ5: Face Brick & Concrete Block/Rigid Steel | AR5: Concrete Block/Wood Joists | AS5: Face Brick & Glazed Block/Steel Joists | AT5: Face Brick & Concrete Block/Rigid Steel | AU5: Face Brick & Concrete Block/Rigid Steel | AV5: Metal Sandwich Panel/Rigid Steel | AW5: Fiber Cement/Wood Frame | AX5: Fiber Cement/Rigid Steel | AY5: Fiber Cement/Rigid Steel | AZ5: Fiber Cement/Rigid Steel | BA5: Reinforced Concrete/Reinforced Concrete | BB5: Face Brick & Concrete Block/Rigid Steel | BC5: Limestone & Concrete Block/Rigid Steel | BD5: Limestone & Concrete Block/Rigid Steel | BE5: Precast Concrete/Reinforced Concrete | BF5: Stucco & Concrete Block/Steel Joists | BG5: Precast Concrete/Reinforced Concrete | BH5: Stucco & Concrete Block/Steel Joists | BI5: Face Brick & Concrete Block/Wood Truss | BJ5: Precast Concrete/Wood Truss | BK5: Stucco & Concrete Block/Precast Concrete | BL5: Stucco & Concrete Block/Precast Concrete | BM5: Metal Sandwich Panel/Steel Joists | BN5: Precast Concrete/Rigid Steel | BO5: Precast Concrete/Reinforced Concrete | BP5: Face Brick & Concrete Block/Wood Truss | BQ5: E.I.F.S./Rigid Steel | BR5: Face Brick & Concrete Block/Rigid Steel | BS5: Precast Concrete/Reinforced Concrete | BT5: Face Brick & Concrete Block/Steel Joists | BU5: E.I.F.S./Rigid Steel | BV5: Limestone & Concrete Block/Rigid Steel | BW5: Decorative Concrete Block/Rigid Steel | BX5: Face Brick & Concrete Block/Reinforced Concrete | BY5: Face Brick & Concrete Block/Reinforced Concrete | BZ5: Wood Clapboard/Wood Truss | CA5: Face Brick & Concrete Block/Rigid Steel | CB5: Face Brick & Concrete Block/Rigid Steel | CC5: Limestone & Concrete Block/Wood Joists | CF5: Wood Clapboard/Wood Frame | CG5: Metal Panel/Rigid Steel | CH5: Face Brick & Concrete Block/Rigid Steel | CI5: Metal Panel/Rigid Steel | CJ5: Face Brick & Concrete Block/Rigid Steel | CK5: Metal Panel/Rigid Steel | CL5: Face Brick & Concrete Block/Rigid Steel | CM5: Face Brick & Concrete Block/Rigid Steel | CN5: Face Brick & Concrete Block/Rigid Steel | CO5: Stucco & Concrete Block/Bearing Walls | CP5: Face Brick & Concrete Block/Rigid Steel | CQ5: Face Brick & Metal Studs/Rigid Steel | CR5: Stone Veneer/Rigid Steel | CS5: Metal Panel/Rigid Steel | CT5: Precast Concrete/Rigid Steel | CU5: Face Brick & Concrete Block/Wood Truss | CV5: Face Brick & Concrete Block/Rigid Steel | CW5: Face Brick & Concrete Block/Wood Joists | CX5: Limestone & Concrete Block/Rigid Steel | CY5: Face Brick & Concrete Block/Wood Truss | CZ5: Pre-Engineered Metal Building/Rigid Steel | DA5: Metal Panel/Rigid Steel | DB5: Precast Concrete/Reinforced Concrete | DC5: Wood Siding - Wood Frame | DD5: Wood Siding - Wood Frame | DE5: Wood Siding - Wood Frame | DF5: Wood Siding - Wood Frame | DG5: Wood Siding - Wood Frame | DH5: Wood Siding - Wood Frame | DI5: Wood Siding - Wood Frame | DJ5: Wood Siding - Wood Frame | DK5: Wood Siding - Wood Frame | DL5: Wood Siding - Wood Frame | DM5: Wood Siding - Wood Frame | DN5: Wood Siding - Wood Frame | DO5: Wood Siding - Wood Frame | DP5: Wood Siding - Wood Frame | DQ5: Wood Siding - Wood Frame | DR5: Wood Siding - Wood Frame | DS5: Wood Siding - Wood Frame | DT5: Wood Siding - Wood Frame | DW5: Wood Siding - Wood Frame | DX5: Wood Siding - Wood Frame | DY5: Wood Siding - Wood Frame | DZ5: Wood Siding - Wood Frame | EA5: Wood Siding - Wood Frame | EB5: Wood Siding - Wood Frame | EC5: Wood Siding - Wood Frame | ED5: Wood Siding - Wood Frame | EE5: Wood Siding - Wood Frame | EF5: Wood Siding - Wood Frame | EG5: Wood Siding - Wood Frame | EH5: Wood Siding - Wood Frame | EI5: Wood Siding - Wood Frame | EJ5: Wood Siding - Wood Frame | EK5: Wood Siding - Wood Frame | EL5: Wood Siding - Wood Frame | EM5: Wood Siding - Wood Frame | EN5: Wood Siding - Wood Frame | EO5: Wood Siding - Wood Frame | EP5: Wood Siding - Wood Frame
D6: Auditurium | E6: Default5 | F6: Stone Veneer / Wood Frame | G6: Precast Concrete/Reinforced Concrete | H6: Precast Concrete/Reinforced Concrete | I6: Vinyl Clapboard / Wood Frame | J6: Face Brick & Concrete Block/Rigid Steel | K6: Precast Concrete / Reinforced Concrete | L6: Precast Concrete / Reinforced Concrete | M6: Precast Concrete/Steel Roof Deck | N6: Precast Concrete/Bearing walls | O6: Metal Panel/Rigid Steel | P6: Stone & Concrete Block/Steel Truss | Q6: Stucco & Cocnrete Block/Wood Truss | R6: Stone Ashlar & Cocnrete block/Steel Joist | S6: Stone Veneer/Reinforced Concrete | T6: Stone Veneer/Reinforced Concrete | U6: Stucco & Concrete Block/Bearing walls | V6: Precast Concrete/Reinforced Concrete | W6: Precast Concrete/Reinforced Concrete | X6: Precast Concrete/Precast Concrete | Y6: Precast Concrete/Reinforced Concrete | Z6: Stucco & Concrete Block/Bearing walls | AA6: Precast Concrete / Reinforced Concrete | AB6: Tilt-up Concrete Panels/Bearing walls | AC6: Metal Panel / Reinforced Concrete | AD6: Stone & Concrete Block/ Reinforced Concrete | AE6: Stone & Concrete Block/ Reinforced Concrete | AF6: Tilt-up Concrete Panels/Steel Joists | AG6: Precast Concrete/Rigid Steel | AH6: Stucco & Concrete Block/Reinforced Concrete | AI6: Limestone & Concrete Block/Bearing walls | AJ6: Limestone & Concrete Block/Bearing walls | AK6: Limestone & Concrete Block/Precast Concrete | AL6: Limestone & Concrete Block/Precast Concrete | AM6: Wood Board and Batten/Wood Frame | AN6: Stucco & Concrete Block/Wood Truss | AO6: Stucco & Concrete Block/Wood Truss | AP6: Stucco & Concrete Block/Rigid Steel | AQ6: Precast Concrete / Precast Concrete | AR6: Metal Panel/Rigid Steel | AS6: Metal Sandwich Panel/Rigid Steel | AT6: Face Brick & Concrete Block/Wood Arch | AU6: Face Brick & Concrete Block/Wood Arch | AV6: Precast Concrete/Bearing Walls | AW6: Metal Panel/Reinforced Concrete | AX6: Metal Panel/Rigid Steel | AY6: Precast Concrete/Reinforced Concrete | AZ6: Precast Concrete/Reinforced Concrete | BA6: Stucco & Concrete Block/Reinforced Concrete | BB6: Metal Sandwich Panel/Rigid Steel | BC6: Precast Concrete/Reinforced Concrete | BD6: Precast Concrete/Reinforced Concrete | BE6: Stone Veneer/Wood Frame | BF6: Stucco & Concrete Block/Wood Truss | BG6: Stone Veneer/Wood Frame | BH6: Stucco & Concrete Block/Wood Joists | BI6: Wood Clapboard/Wood Frame | BJ6: Wood Clapboard/Wood Frame | BK6: Stucco & Concrete Block/Wood Joists | BL6: Stucco & Concrete Block/Wood Joists | BM6: Precast Concrete/Steel Joists | BN6: Stucco & Concrete Block/Bearing walls | BO6: Stone Veneer/Wood Frame | BP6: Tilt-up Concrete Panels/Steel Roof Deck | BQ6: Metal Panel/Reinforced Concrete | BR6: Precast Concrete/Reinforced Concrete | BS6: Stone Veneer/Wood Frame | BT6: Face Brick & Concrete Block/Wood Joists | BU6: Metal Panel/Reinforced Concrete | BV6: Precast Concrete/Reinforced Concrete | BW6: E.I.F.S. & Concrete Block/Rigid Steel | BX6: Limestone & Concrete Block/Bearing Walls | BY6: Limestone & Concrete Block/Bearing Walls | CA6: Limestone & Concrete Block/Bearing Walls | CB6: Metal Panel/Rigid Steel | CC6: Stucco & Concrete Block/Steel Joists | CG6: Stone Veneer/Reinforced Concrete | CH6: Stucco & Concrete Block/Bearing Walls | CI6: Stone Veneer/Reinforced Concrete | CJ6: Limestone & Concrete Block/Reinforced Concrete | CK6: Stone Veneer/Reinforced Concrete | CL6: Stucco & Concrete Block/Bearing Walls | CM6: Metal Panel & Metal Studs/Rigid Steel | CN6: Metal Panel & Metal Studs/Rigid Steel | CO6: Stucco & Concrete Block/Rigid Steel | CP6: Precast Concrete/Reinforced Concrete | CQ6: Precast Concrete/Reinforced Concrete | CR6: Stucco/Reinforced Concrete | CS6: Stucco/Reinforced Concrete | CT6: Stucco & Concrete Block/Bearing Walls | CU6: Metal Sandwich Panel/Wood Truss | CV6: Limestone & Concrete Block/Bearing Walls | CW6: Stone & Concrete Block/Steel Joists | CX6: Stone & Concrete Block/Reinforced Concrete | CY6: Tilt-up Concrete Panels/Steel Joists | CZ6: Precast Concrete/Reinforced Concrete | DA6: Metal Sandwich Panel/Rigid Steel | DB6: Precast Concrete/Rigid Steel
D7: Bank | E7: Default6 | F7: Stucco & Concrete Block/Reinforced concrete | G7: Stucco/Reinforced concrete | H7: Stucco/Reinforced concrete | I7: Wood ClapBoard / Wood Frame | J7: Precast Concrete / Rigid steel | K7: Precast Concrete / Rigid steel | L7: Precast Concrete / Rigid steel | M7: Stucco & Concrete Block/Steel Roof Deck | N7: Precast Concrete/Rigid Steel | O7: Metal Sandwich Panel/Rigid Steel | P7: Stone & Concrete Block/Rigid Wood Arch | Q7: Wood Shingles/wood Frame | R7: Stone Ashlar & Cocnrete block/Wood Truss | S7: Stone Veneer/Wood Frame | T7: Stone Veneer/Wood Frame | U7: Stucco & Concrete Block/Rigid Steel | V7: Precast Concrete/Rigid Steel | W7: Precast Concrete/Rigid Steel | X7: Stone Veneer/Wood Frame | Y7: Stone Veneer/Reinforced Concrete | Z7: Stucco & Concrete Block/Rigid Steel | AA7: Precast Concrete / Rigid steel | AB7: Tilt-up Concrete Panels/Rigid Steel | AC7: Stone Veneer/ Wood Frame | AD7: Stone & Concrete Block/ Rigid steel | AE7: Stone & Concrete Block/ Rigid steel | AF7: Wood Clapboard/Wood Frame. | AG7: Tilt-up Concrete Panels/Rigid Steel | AH7: Stucco & Concrete Block/Rigid Steel | AI7: Limestone & Concrete Block/Steel Joists | AJ7: Limestone & Concrete Block/Steel Joists | AK7: Limestone & Concrete Block/Steel Joists | AL7: Limestone & Concrete Block/Steel Joists | AM7: Wood Clapboard/Wood Frame | AN7: Wood Board and Batten/Wood Frame | AO7: Wood Board and Batten/Wood Frame | AP7: Tilt-up Concrete Panels/Rigid Steel | AQ7: Precast Concrete / Rigid steel | AR7: Stucco/Wood Frame | AS7: Wood Clapboard/Wood Frame | AT7: Metal Sandwich Panel/Rigid Steel | AU7: Metal Sandwich Panel/Rigid Steel | AV7: Precast Concrete/Rigid Steel | AW7: Stone Veneer/Rigid Steel | AX7: Stone Veneer/Reinforced Concrete | AY7: Stone Veneer/Rigid Steel | AZ7: Stone Veneer/Rigid Steel | BA7: Stucco & Concrete Block/Rigid Steel | BB7: Precast Concrete/Bearing Walls | BC7: Precast Concrete/Rigid Steel | BD7: Precast Concrete/Rigid Steel | BE7: Vinyl Clapboard/Wood Frame | BF7: Wood Clapboard/Wood Frame | BG7: Vinyl Clapboard/Wood Frame | BH7: Wood Clapboard/Wood Frame | BI7: Wood Shingles/Wood Frame | BJ7: Wood Shingles/Wood Frame | BK7: Wood Clapboard/Wood Frame | BL7: Wood Clapboard/Wood Frame | BM7: Tilt-up Concrete Panels/Steel Joists | BN7: Stucco & Concrete Block/Steel Joists | BO7: Vinyl Clapboard/Wood Frame | BP7: Wood Clapboard/Wood Truss | BQ7: Stone Veneer/Rigid Steel | BR7: Precast Concrete/Rigid Steel | BS7: Vinyl Clapboard/Wood Frame | BT7: Wood Clapboard/Wood Frame | BU7: Stone Veneer/Rigid Steel | BV7: Precast Concrete/Rigid Steel | BW7: Tilt-up Concrete Panels/Rigid Steel | BX7: Limestone & Concrete Block/Reinforced Concrete | BY7: Limestone & Concrete Block/Reinforced Concrete | CA7: Limestone & Concrete Block/Rigid Steel | CB7: Metal Sandwich Panel/Rigid Steel | CC7: Stucco & Concrete Block/Wood Joists | CG7: Tilt-up Concrete Panels/Reinforced Concrete | CH7: Stucco & Concrete Block/Rigid Steel | CI7: Tilt-up Concrete Panels/Reinforced Concrete | CJ7: Limestone & Concrete Block/Rigid Steel | CK7: Tilt-up Concrete Panels/Reinforced Concrete | CL7: Stucco & Concrete Block/Rigid Steel | CM7: Metal Sandwich Panel/Rigid Steel | CN7: Metal Sandwich Panel/Rigid Steel | CO7: Wood Clapboard/Wood Frame | CP7: Precast Concrete/Steel Joists | CQ7: Precast Concrete/Rigid Steel | CR7: Vinyl Clapboard/Wood Frame | CS7: Tilt-up Concrete Panels/Reinforced Concrete | CT7: Stucco & Concrete Block/Rigid Steel | CU7: Precast Concrete/Precast Concrete | CV7: Limestone & Concrete Block/Rigid Steel | CW7: Stone & Concrete Block/Wood Joists | CX7: Stone & Concrete Block/Rigid Steel | CY7: Wood Clapboard/Wood Truss | CZ7: Tilt-up Concrete Panels/Reinforced Concrete | DA7: Tilt-up Concrete Panels/Rigid Steel | DB7: Tilt-up Concrete Panels/Reinforced Concrete
D8: Bank (Green) | E8: Default7
D9: Bowling Alley | E9: Default8
D10: Bus Terminal | E10: Default9
D11: Car Wash | E11: Default10
D12: Church | E12: Default11
D13: Club, Country | E13: Default12
D14: Cub, Social | E14: Default13
D15: College, Classroom, 2-3 Story | E15: Default14
D16: College, Dormitory, 2-3Story | E16: Default15
D17: College, Classroom, 2-3 Story (Green) | E17: Default16
D18: College, Dormitory, 2-3Story (Green) | E18: Default17
D19: College, Dormitory, 4-8Story (Green) | E19: Default18
... D142: Luxury Tri level | E142: Luxury10
